Workbook

Sheet Explanations and FAQ
A1: End Game | B1: My objective in this spreadsheet is to compute the annual returns you would have earned on major financial asset classses, on an annual basis, inclusive of both cash payout during the year and the price appreciation.
A3: Explanations, by asset class
A4: Stocks (Large Cap) | B4: I use the S&P 500, which was created in 1957, and then back fill the data using other indices of large market cap companies that existed prior. Each year, I compute the annual return, by first computing the dividend yield by dividing the dividends paid and the price change in the index, by the level of the index at the start of the year. Thus, if the index starts at 1000, and increases to 1080, while delivering a dividend of 5, my annual return = (1080-1000+5)/1000 = 8.5%
A5: Stocks (Small Cap) | B5: I use the bottom decile of US stocks, as estimated and reported by Ken French on his amazing data page, for annual returns every year from 1928 to the most recent year.
A6: US T.Bond | B6: I use the 10-year US treasury bond, since it is the only longer maturity bond with an uninterrupted history going back in time. For the data, I use the yields on a constant-maturrity 10-year bond, which can be found on FRED (the Federal Reserve website). I convert the yield into a return, by repricing the bond, issued at par at the prior year's yield, with the new yield, while keeping the maturity constant at 10 years. Thus, if the yield goes from 2.5% to 3%, I first price a 2.5%, 10 year coupon bond with a 3% interest rate, and subtract this number from the par value of the bond which is $1000. That gives me the price change. Adding the 3% coupon for the current year gives me the total return.
A7: US T.Bill | B7: I use the 3-month US treasury bill, again choosing it over the 6-month because of longevity. While I used to report the end of the year number as the return on the T.Bill for the year, I have replaced that with the average T.Bill rate over the year, since that is a better representation.
A8: Aaa & Baa Corporate Bond | B8: I obtain the yield on a Moody's Aaa and Baa corporate bond yields from FRED and then compute the return on the bond, using the same approach that I use for the US T.Bond.
A9: Real Estate | B9: I use the home price data that Robert Shiller reports on his webpage to compute a real estate return on residential real estate. That series has now morphed into the Case-Shiller Index. Note that this return is just price appreciation, and will understate the returns on real estate by the cash flow return (from rental income) each year.
A10: Gold | B10: Year-end prices for gold, per oz,
A11: Inflation Rate | B11: I use the CPI for all urban consumers, reported on FRED.
A12: Real Returns | B12: For each of the data series. I computre a real return by removing the inflatin for the year from the nominal return, using (1+ Nominal Rate)/ (1+Inflation Rate) -1.
A13: Arithmetic Average Return | B13: A simple average of the annual returns over the specified period (10 yrs, 50 yrs etc.)
A14: Geometric Average Return | B14: A compounded average of the returns over the period. This is most simply computed by dividing the value you would have at the end of the period by the value at the beginning and then computing the compouded average. To compute the cumulated value on both stocks and bonds, I assume that dividends/coupons get reinvested back.
A15: Risk Premium | B15: The risk premium is the difference in the annualized return on stocks and the annualized return on T.Bonds and on T.Bills over the specified period.
A17: FAQ
A18: How precise are the annual numbers? | B18: Since the S&P and US treasuries are liquid and the underlying data is widely dispersed, the annual numbers are reliable.
A19: How good as the averages as predictors? | B19: The returns, especially on stocks and bonds, are noisy, with up years and down years. The averages that have been computed come with error, and I have computed standard errros in each of the numbers (especially the risk premiums). Note that even with the longest data series, there is substantial standard error and it becomes explosively large for shorter periods.
A20: Why do you keep the maturity of the 10-year bond unchanged, when you compute the return on the bond? | B20: Normally, when you buy a 10-year bond and hold it for a year, you will end up with a 9-year bond. While I could compute the return using a 9-year maturity, and the answer will be fairly close to what I report, I want to keep the 10-year rmaturity going for consistency in my risk premium computation. Put simply, think of the return on the 10-year bond as the one you would have if the coupon changed, but the maturity is reset to 10 year at the end of the year.

Sheet Returns by year
A1: Date updated: | B1: 44196
A2: Created by: | B2: Aswath Damodaran, adamodar@stern.nyu.edu
A3: What is this data? | B3: Historical returns: Stocks, Bonds & T.Bills with premiums | I3: In US Dollars
A4: Home Page: | B4: http://www.damodaran.com
A5: Data website: | B5: https://pages.stern.nyu.edu/~adamodar/New_Home_Page/data.html
A6: Companies in each industry: | B6: https://pages.stern.nyu.edu/~adamodar/pc/datasets/indname.xls
A7: Variable definitions: | B7: https://pages.stern.nyu.edu/~adamodar/New_Home_Page/datafile/variable.htm
A8: Customized Geometric risk premium estimator
A9: What is your riskfree rate? | D9: LT | G9: Estimates of risk premiums from 1928, over the last 50 years and over the last 10 years
A10: Enter your starting year | D10: 1975
A12: Value of stocks in starting year: | E12: =IF(D10=1928,100,VLOOKUP(D10-1,A21:O117,9)) -> 3023.5361
A13: Value of T.Bills in starting year: | E13: =IF(D10=1928,100,VLOOKUP(D10-1,A21:L117,11)) -> 294.97197
A14: Value of T.bonds in starting year: | E14: =IF(D10=1928,100,VLOOKUP(D10-1,A20:L117,12)) -> 379.98011
A15: Value of Real estate in starting year | E15: =IF(D10=1928,100,VLOOKUP(D10-1,A20:N117,14)) -> 424.71507
A16: Value of Gold in starting year | E16: =IF(D10=1928,100,VLOOKUP(D10-1,A20:O117,15)) -> 903.58527
A17: Estimate of risk premium based on your inputs: | E17: =IF(D9="ST",(I117/E12)^(1/(A117-D10+1))-(K117/E13)^(1/(A117-D10+1)),(I117/E12)^(1/(A117-D10+1))-(L117/E14)^(1/(A117-D10+1))) -> 0.062156759
B19: Annual Returns on Investments in | I19: Value of $100 invested at start of 1928 in | P19: Annual Risk Premium | U19: Annual Real Returns | AC19: Value of $100 invested at start of 1928 in real terms | AJ19: Real Risk Premium
A20: Year | B20: S&P 500 (includes dividends) | C20: US Small cap (bottom decile) | D20: 3-month T.Bill | E20: US T. Bond (10-year) | F20: Baa Corporate Bond | G20: Real Estate | H20: Gold* | I20: S&P 500 (includes dividends)3 | J20: US Small cap (bottom decile) Cum Value | K20: 3-month T.Bill4 | L20: US T. Bond5 | M20: Baa Corporate Bond2 | N20: Real Estate2 | O20: Gold2 | P20: Stocks - Bills | Q20: Stocks - Bonds | R20: Small Cap Premium (S&P 500 minus Bottom Decile) | S20: Stocks - Baa Corp Bond | T20: Historical ERP | U20: Inflation Rate | V20: S&P 500 (includes dividends)2 | W20: US Small cap (bottom decile)22 | X20: 3-month T. Bill (Real) | Y20: !0-year T.Bonds | Z20: Baa Corp Bonds | AA20: Real Estate3 | AB20: Gold | AC20: S&P 500 (includes dividends)3 | AD20: US Small cap (bottom decile)22 | AE20: 3-month T.Bill4 | AF20: US T. Bond5 | AG20: Baa Corporate Bond2 | AH20: Real Estate2 | AI20: Gold2 | AJ20: Stocks minus T. Bills | AK20: Stocks minus T.Bonds
A21: 1928 | B21: =('S&P 500 & Raw Data'!B4-'S&P 500 & Raw Data'!B3+'S&P 500 & Raw Data'!C4)/'S&P 500 & Raw Data'!B3 -> 0.43811155 | C21: ='Small Cap'!B2 -> 0.5991 | D21: 0.0308 | E21: ='S&P 500 & Raw Data'!F4 -> 0.0083547086 | F21: ='S&P 500 & Raw Data'!J4 -> 0.032195515 | G21: ='Home Prices'!B4/'Home Prices'!B3-1 -> 0.014910537 | H21: ='Gold Prices'!B3/'Gold Prices'!B2-1 -> 0.00096899225 | I21: =100*(1+B21) -> 143.81116 | J21: 159.91 | K21: =100*(1+D21) -> 103.08 | L21: =100*(1+E21) -> 100.83547 | M21: =100*(1+F21) -> 103.21955 | N21: =100*(1+G21) -> 101.49105 | O21: =100*(1+H21) -> 100.0969 | P21: =B21-D21 -> 0.40731155 | Q21: =B21-E21 -> 0.42975684 | R21: =Table1[[#This Row],[US Small cap (bottom decile)]]-Table1[[#This Row],[S&P 500 (includes dividends)]] -> 0.16098845 | S21: =B21-F21 -> 0.40591604 | U21: ='Inflation Rate'!C26 -> -0.0115607 | V21: =(1+B21)/(1+$U21)-1 -> 0.45493158 | W21: =(1+C21)/(1+$U21)-1 -> 0.61780293 | X21: =(1+D21)/(1+$U21)-1 -> 0.042856147 | Y21: =(1+E21)/(1+$U21)-1 -> 0.020148337 | Z21: =(1+F21)/(1+$U21)-1 -> 0.044267984 | AA21: =(1+G21)/(1+$U21)-1 -> 0.026780842 | AB21: =(1+H21)/(1+$U21)-1 -> 0.012676238 | AC21: =100*(1+V21) -> 145.49316 | AD21: =100*(1+W21) -> 161.78029 | AE21: =100*(1+X21) -> 104.28561 | AF21: =100*(1+Y21) -> 102.01483 | AG21: =100*(1+Z21) -> 104.4268 | AH21: =100*(1+AA21) -> 102.67808 | AI21: =100*(1+AB21) -> 101.26762 | AJ21: =Table1[[#This Row],[S&P 500 (includes dividends)2]]-Table1[[#This Row],[3-month T. Bill (Real)]] -> 0.41207543 | AK21: =Table1[[#This Row],[S&P 500 (includes dividends)2]]-Table1[[#This Row],[!0-year T.Bonds]] -> 0.43478324
A22: 1929 | B22: =('S&P 500 & Raw Data'!B5-'S&P 500 & Raw Data'!B4+'S&P 500 & Raw Data'!C5)/'S&P 500 & Raw Data'!B4 -> -0.082979466 | C22: ='Small Cap'!B3 -> -0.4661 | D22: 0.0316 | E22: ='S&P 500 & Raw Data'!F5 -> 0.042038042 | F22: ='S&P 500 & Raw Data'!J5 -> 0.030178562 | G22: ='Home Prices'!B5/'Home Prices'!B4-1 -> -0.020568071 | H22: ='Gold Prices'!B4/'Gold Prices'!B3-1 -> -0.0014520813 | I22: =I21*(1+B22) -> 131.87778 | J22: =J21*(1+C22) -> 85.375949 | K22: =K21*(1+D22) -> 106.33733 | L22: =L21*(1+E22) -> 105.0744 | M22: =M21*(1+F22) -> 106.33457 | N22: =N21*(1+G22) -> 99.403579 | O22: =O21*(1+H22) -> 99.95155 | P22: =B22-D22 -> -0.11457947 | Q22: =B22-E22 -> -0.12501751 | R22: =Table1[[#This Row],[US Small cap (bottom decile)]]-Table1[[#This Row],[S&P 500 (includes dividends)]] -> -0.38312053 | S22: =B22-F22 -> -0.11315803 | U22: ='Inflation Rate'!C27 -> 0.005848 | V22: =(1+B22)/(1+$U22)-1 -> -0.088311023 | W22: =(1+C22)/(1+$U22)-1 -> -0.46920409 | X22: =(1+D22)/(1+$U22)-1 -> 0.025602278 | Y22: =(1+E22)/(1+$U22)-1 -> 0.035979633 | Z22: =(1+F22)/(1+$U22)-1 -> 0.024189105 | AA22: =(1+G22)/(1+$U22)-1 -> -0.026262487 | AB22: =(1+H22)/(1+$U22)-1 -> -0.0072576386 | AC22: =AC21*(1+V22) -> 132.64451 | AD22: =AD21*(1+W22) -> 85.872317 | AE22: =AE21*(1+X22) -> 106.95556 | AF22: =AF21*(1+Y22) -> 105.68529 | AG22: =AG21*(1+Z22) -> 106.95279 | AH22: =AH21*(1+AA22) -> 99.981502 | AI22: =AI21*(1+AB22) -> 100.53266 | AJ22: =Table1[[#This Row],[S&P 500 (includes dividends)2]]-Table1[[#This Row],[3-month T. Bill (Real)]] -> -0.1139133 | AK22: =Table1[[#This Row],[S&P 500 (includes dividends)2]]-Table1[[#This Row],[!0-year T.Bonds]] -> -0.12429066
A23: 1930 | B23: =('S&P 500 & Raw Data'!B6-'S&P 500 & Raw Data'!B5+'S&P 500 & Raw Data'!C6)/'S&P 500 & Raw Data'!B5 -> -0.25123636 | C23: ='Small Cap'!B4 -> -0.5003 | D23: 0.0455 | E23: ='S&P 500 & Raw Data'!F6 -> 0.045409314 | F23: ='S&P 500 & Raw Data'!J6 -> 0.0053978095 | G23: ='Home Prices'!B6/'Home Prices'!B5-1 -> -0.043 | H23: ='Gold Prices'!B5/'Gold Prices'!B4-1 -> 0.00096946195 | I23: =I22*(1+B23) -> 98.745288 | J23: =J22*(1+C23) -> 42.662362 | K23: =K22*(1+D23) -> 111.17568 | L23: =L22*(1+E23) -> 109.84575 | M23: =M22*(1+F23) -> 106.90854 | N23: =N22*(1+G23) -> 95.129225 | O23: =O22*(1+H23) -> 100.04845 | P23: =B23-D23 -> -0.29673636 | Q23: =B23-E23 -> -0.29664568 | R23: =Table1[[#This Row],[US Small cap (bottom decile)]]-Table1[[#This Row],[S&P 500 (includes dividends)]] -> -0.24906364 | S23: =B23-F23 -> -0.25663417 | U23: ='Inflation Rate'!C28 -> -0.0639535 | V23: =(1+B23)/(1+$U23)-1 -> -0.20007859 | W23: =(1+C23)/(1+$U23)-1 -> -0.466159 | X23: =(1+D23)/(1+$U23)-1 -> 0.11693169 | Y23: =(1+E23)/(1+$U23)-1 -> 0.11683481 | Z23: =(1+F23)/(1+$U23)-1 -> 0.074089599 | AA23: =(1+G23)/(1+$U23)-1 -> 0.022385106 | AB23: =(1+H23)/(1+$U23)-1 -> 0.069358693 | AC23: =AC22*(1+V23) -> 106.10518 | AD23: =AD22*(1+W23) -> 45.842164 | AE23: =AE22*(1+X23) -> 119.46206 | AF23: =AF22*(1+Y23) -> 118.03301 | AG23: =AG22*(1+Z23) -> 114.87688 | AH23: =AH22*(1+AA23) -> 102.2196 | AI23: =AI22*(1+AB23) -> 107.50547 | AJ23: =Table1[[#This Row],[S&P 500 (includes dividends)2]]-Table1[[#This Row],[3-month T. Bill (Real)]] -> -0.31701028 | AK23: =Table1[[#This Row],[S&P 500 (includes dividends)2]]-Table1[[#This Row],[!0-year T.Bonds]] -> -0.3169134
A24: 1931 | B24: =('S&P 500 & Raw Data'!B7-'S&P 500 & Raw Data'!B6+'S&P 500 & Raw Data'!C7)/'S&P 500 & Raw Data'!B6 -> -0.43837549 | C24: ='Small Cap'!B5 -> -0.4466 | D24: 0.0231 | E24: ='S&P 500 & Raw Data'!F7 -> -0.02558856 | F24: ='S&P 500 & Raw Data'!J7 -> -0.15680775 | G24: ='Home Prices'!B7/'Home Prices'!B6-1 -> -0.081504702 | H24: ='Gold Prices'!B6/'Gold Prices'!B5-1 -> -0.17384988 | I24: =I23*(1+B24) -> 55.457774 | J24: =J23*(1+C24) -> 23.609351 | K24: =K23*(1+D24) -> 113.74383 | L24: =L23*(1+E24) -> 107.03496 | M24: =M23*(1+F24) -> 90.144455 | N24: =N23*(1+G24) -> 87.375746 | O24: =O23*(1+H24) -> 82.655039 | P24: =B24-D24 -> -0.46147549 | Q24: =B24-E24 -> -0.41278693 | R24: =Table1[[#This Row],[US Small cap (bottom decile)]]-Table1[[#This Row],[S&P 500 (includes dividends)]] -> -0.0082245111 | S24: =B24-F24 -> -0.28156774 | U24: ='Inflation Rate'!C29 -> -0.0931677 | V24: =(1+B24)/(1+$U24)-1 -> -0.38067434 | W24: =(1+C24)/(1+$U24)-1 -> -0.38974384 | X24: =(1+D24)/(1+$U24)-1 -> 0.12821301 | Y24: =(1+E24)/(1+$U24)-1 -> 0.074522203 | Z24: =(1+F24)/(1+$U24)-1 -> -0.070178412 | AA24: =(1+G24)/(1+$U24)-1 -> 0.012861251 | AB24: =(1+H24)/(1+$U24)-1 -> -0.088971444 | AC24: =AC23*(1+V24) -> 65.713662 | AD24: =AD23*(1+W24) -> 27.975463 | AE24: =AE23*(1+X24) -> 134.77865 | AF24: =AF23*(1+Y24) -> 126.82909 | AG24: =AG23*(1+Z24) -> 106.815 | AH24: =AH23*(1+AA24) -> 103.53427 | AI24: =AI23*(1+AB24) -> 97.940557 | AJ24: =Table1[[#This Row],[S&P 500 (includes dividends)2]]-Table1[[#This Row],[3-month T. Bill (Real)]] -> -0.50888735 | AK24: =Table1[[#This Row],[S&P 500 (includes dividends)2]]-Table1[[#This Row],[!0-year T.Bonds]] -> -0.45519654
A25: 1932 | B25: =('S&P 500 & Raw Data'!B8-'S&P 500 & Raw Data'!B7+'S&P 500 & Raw Data'!C8)/'S&P 500 & Raw Data'!B7 -> -0.086423645 | C25: ='Small Cap'!B6 -> 0.2049 | D25: 0.0107 | E25: ='S&P 500 & Raw Data'!F8 -> 0.08790307 | F25: ='S&P 500 & Raw Data'!J8 -> 0.23589602 | G25: ='Home Prices'!B8/'Home Prices'!B7-1 -> -0.10466439 | H25: ='Gold Prices'!B7/'Gold Prices'!B6-1 -> 0.21277843 | I25: =I24*(1+B25) -> 50.664911 | J25: =J24*(1+C25) -> 28.446907 | K25: =K24*(1+D25) -> 114.96089 | L25: =L24*(1+E25) -> 116.44366 | M25: =M24*(1+F25) -> 111.40917 | N25: =N24*(1+G25) -> 78.230616 | O25: =O24*(1+H25) -> 100.24225 | P25: =B25-D25 -> -0.097123645 | Q25: =B25-E25 -> -0.17432672 | R25: =Table1[[#This Row],[US Small cap (bottom decile)]]-Table1[[#This Row],[S&P 500 (includes dividends)]] -> 0.29132365 | S25: =B25-F25 -> -0.32231966 | U25: ='Inflation Rate'!C30 -> -0.1027397 | V25: =(1+B25)/(1+$U25)-1 -> 0.018184305 | W25: =(1+C25)/(1+$U25)-1 -> 0.34286561 | X25: =(1+D25)/(1+$U25)-1 -> 0.12642897 | Y25: =(1+E25)/(1+$U25)-1 -> 0.21247209 | Z25: =(1+F25)/(1+$U25)-1 -> 0.37741079 | AA25: =(1+G25)/(1+$U25)-1 -> -0.0021450758 | AB25: =(1+H25)/(1+$U25)-1 -> 0.35164615 | AC25: =AC24*(1+V25) -> 66.908619 | AD25: =AD24*(1+W25) -> 37.567287 | AE25: =AE24*(1+X25) -> 151.81858 | AF25: =AF24*(1+Y25) -> 153.77673 | AG25: =AG24*(1+Z25) -> 147.12814 | AH25: =AH24*(1+AA25) -> 103.31218 | AI25: =AI24*(1+AB25) -> 132.38098 | AJ25: =Table1[[#This Row],[S&P 500 (includes dividends)2]]-Table1[[#This Row],[3-month T. Bill (Real)]] -> -0.10824467 | AK25: =Table1[[#This Row],[S&P 500 (includes dividends)2]]-Table1[[#This Row],[!0-year T.Bonds]] -> -0.19428778
A26: 1933 | B26: =('S&P 500 & Raw Data'!B9-'S&P 500 & Raw Data'!B8+'S&P 500 & Raw Data'!C9)/'S&P 500 & Raw Data'!B8 -> 0.49982225 | C26: ='Small Cap'!B7 -> 1.4834 | D26: 0.0096 | E26: ='S&P 500 & Raw Data'!F9 -> 0.018552721 | F26: ='S&P 500 & Raw Data'!J9 -> 0.12966894 | G26: ='Home Prices'!B9/'Home Prices'!B8-1 -> -0.038119441 | H26: ='Gold Prices'!B8/'Gold Prices'!B7-1 -> 0.27259546 | I26: =I25*(1+B26) -> 75.988361 | J26: =J25*(1+C26) -> 70.645049 | K26: =K25*(1+D26) -> 116.06452 | L26: =L25*(1+E26) -> 118.60401 | M26: =M25*(1+F26) -> 125.85548 | N26: =N25*(1+G26) -> 75.248509 | O26: =O25*(1+H26) -> 127.56783 | P26: =B26-D26 -> 0.49022225 | Q26: =B26-E26 -> 0.48126953 | R26: =Table1[[#This Row],[US Small cap (bottom decile)]]-Table1[[#This Row],[S&P 500 (includes dividends)]] -> 0.98357775 | S26: =B26-F26 -> 0.37015332 | U26: ='Inflation Rate'!C31 -> 0.0076336 | V26: =(1+B26)/(1+$U26)-1 -> 0.48845995 | W26: =(1+C26)/(1+$U26)-1 -> 1.4645863 | X26: =(1+D26)/(1+$U26)-1 -> 0.001951503 | Y26: =(1+E26)/(1+$U26)-1 -> 0.0108364 | Z26: =(1+F26)/(1+$U26)-1 -> 0.12111083 | AA26: =(1+G26)/(1+$U26)-1 -> -0.045406426 | AB26: =(1+H26)/(1+$U26)-1 -> 0.26295457 | AC26: =AC25*(1+V26) -> 99.590799 | AD26: =AD25*(1+W26) -> 92.587823 | AE26: =AE25*(1+X26) -> 152.11485 | AF26: =AF25*(1+Y26) -> 155.44312 | AG26: =AG25*(1+Z26) -> 164.94695 | AH26: =AH25*(1+AA26) -> 98.621145 | AI26: =AI25*(1+AB26) -> 167.19116 | AJ26: =Table1[[#This Row],[S&P 500 (includes dividends)2]]-Table1[[#This Row],[3-month T. Bill (Real)]] -> 0.48650844 | AK26: =Table1[[#This Row],[S&P 500 (includes dividends)2]]-Table1[[#This Row],[!0-year T.Bonds]] -> 0.47762355
A27: 1934 | B27: =('S&P 500 & Raw Data'!B10-'S&P 500 & Raw Data'!B9+'S&P 500 & Raw Data'!C10)/'S&P 500 & Raw Data'!B9 -> -0.011885657 | C27: ='Small Cap'!B8 -> 0.2001 | D27: ='T. Bill rates'!C12 -> 0.0027833333 | E27: ='S&P 500 & Raw Data'!F10 -> 0.079634426 | F27: ='S&P 500 & Raw Data'!J10 -> 0.18816429 | G27: ='Home Prices'!B10/'Home Prices'!B9-1 -> 0.029062087 | H27: ='Gold Prices'!B9/'Gold Prices'!B8-1 -> 0.31750855 | I27: =I26*(1+B27) -> 75.085189 | J27: =J26*(1+C27) -> 84.781123 | K27: =K26*(1+D27) -> 116.38756 | L27: =L26*(1+E27) -> 128.04897 | M27: =M26*(1+F27) -> 149.53699 | N27: =N26*(1+G27) -> 77.435388 | O27: =O26*(1+H27) -> 168.07171 | P27: =B27-D27 -> -0.01466899 | Q27: =B27-E27 -> -0.091520083 | R27: =Table1[[#This Row],[US Small cap (bottom decile)]]-Table1[[#This Row],[S&P 500 (includes dividends)]] -> 0.21198566 | S27: =B27-F27 -> -0.20004995 | U27: ='Inflation Rate'!C32 -> 0.0151515 | V27: =(1+B27)/(1+$U27)-1 -> -0.026633618 | W27: =(1+C27)/(1+$U27)-1 -> 0.18218808 | X27: =(1+D27)/(1+$U27)-1 -> -0.012183567 | Y27: =(1+E27)/(1+$U27)-1 -> 0.063520495 | Z27: =(1+F27)/(1+$U27)-1 -> 0.17043051 | AA27: =(1+G27)/(1+$U27)-1 -> 0.013702967 | AB27: =(1+H27)/(1+$U27)-1 -> 0.29784426 | AC27: =AC26*(1+V27) -> 96.938336 | AD27: =AD26*(1+W27) -> 109.45622 | AE27: =AE26*(1+X27) -> 150.26155 | AF27: =AF26*(1+Y27) -> 165.31694 | AG27: =AG26*(1+Z27) -> 193.05894 | AH27: =AH26*(1+AA27) -> 99.972547 | AI27: =AI26*(1+AB27) -> 216.98809 | AJ27: =Table1[[#This Row],[S&P 500 (includes dividends)2]]-Table1[[#This Row],[3-month T. Bill (Real)]] -> -0.01445005 | AK27: =Table1[[#This Row],[S&P 500 (includes dividends)2]]-Table1[[#This Row],[!0-year T.Bonds]] -> -0.090154113
A28: 1935 | B28: =('S&P 500 & Raw Data'!B11-'S&P 500 & Raw Data'!B10+'S&P 500 & Raw Data'!C11)/'S&P 500 & Raw Data'!B10 -> 0.46740421 | C28: ='Small Cap'!B9 -> 0.5318 | D28: ='T. Bill rates'!C13 -> 0.001675 | E28: ='S&P 500 & Raw Data'!F11 -> 0.044720477 | F28: ='S&P 500 & Raw Data'!J11 -> 0.13307732 | G28: ='Home Prices'!B11/'Home Prices'!B10-1 -> 0.097658337 | H28: ='Gold Prices'!B10/'Gold Prices'!B9-1 -> 0.0043240127 | I28: =I27*(1+B28) -> 110.18032 | J28: =J27*(1+C28) -> 129.86772 | K28: =K27*(1+D28) -> 116.58251 | L28: =L27*(1+E28) -> 133.77538 | M28: =M27*(1+F28) -> 169.43697 | N28: =N27*(1+G28) -> 84.997599 | O28: =O27*(1+H28) -> 168.79845 | P28: =B28-D28 -> 0.46572921 | Q28: =B28-E28 -> 0.42268373 | R28: =Table1[[#This Row],[US Small cap (bottom decile)]]-Table1[[#This Row],[S&P 500 (includes dividends)]] -> 0.064395789 | S28: =B28-F28 -> 0.33432689 | U28: ='Inflation Rate'!C33 -> 0.0298507 | V28: =(1+B28)/(1+$U28)-1 -> 0.42487082 | W28: =(1+C28)/(1+$U28)-1 -> 0.48740007 | X28: =(1+D28)/(1+$U28)-1 -> -0.027359014 | Y28: =(1+E28)/(1+$U28)-1 -> 0.01443877 | Z28: =(1+F28)/(1+$U28)-1 -> 0.10023455 | AA28: =(1+G28)/(1+$U28)-1 -> 0.065842201 | AB28: =(1+H28)/(1+$U28)-1 -> -0.024786784 | AC28: =AC27*(1+V28) -> 138.12461 | AD28: =AD27*(1+W28) -> 162.80519 | AE28: =AE27*(1+X28) -> 146.15054 | AF28: =AF27*(1+Y28) -> 167.70392 | AG28: =AG27*(1+Z28) -> 212.41011 | AH28: =AH27*(1+AA28) -> 106.55496 | AI28: =AI27*(1+AB28) -> 211.60965 | AJ28: =Table1[[#This Row],[S&P 500 (includes dividends)2]]-Table1[[#This Row],[3-month T. Bill (Real)]] -> 0.45222983 | AK28: =Table1[[#This Row],[S&P 500 (includes dividends)2]]-Table1[[#This Row],[!0-year T.Bonds]] -> 0.41043205
A29: 1936 | B29: =('S&P 500 & Raw Data'!B12-'S&P 500 & Raw Data'!B11+'S&P 500 & Raw Data'!C12)/'S&P 500 & Raw Data'!B11 -> 0.3194341 | C29: ='Small Cap'!B10 -> 0.9282 | D29: ='T. Bill rates'!C14 -> 0.001725 | E29: ='S&P 500 & Raw Data'!F12 -> 0.050178754 | F29: ='S&P 500 & Raw Data'!J12 -> 0.11383816 | G29: ='Home Prices'!B12/'Home Prices'!B11-1 -> 0.032186015 | H29: ='Gold Prices'!B11/'Gold Prices'!B10-1 -> 0.00086107922 | I29: =I28*(1+B29) -> 145.37568 | J29: =J28*(1+C29) -> 250.41095 | K29: =K28*(1+D29) -> 116.78362 | L29: =L28*(1+E29) -> 140.48806 | M29: =M28*(1+F29) -> 188.72536 | N29: =N28*(1+G29) -> 87.733333 | O29: =O28*(1+H29) -> 168.9438 | P29: =B29-D29 -> 0.3177091 | Q29: =B29-E29 -> 0.26925535 | R29: =Table1[[#This Row],[US Small cap (bottom decile)]]-Table1[[#This Row],[S&P 500 (includes dividends)]] -> 0.6087659 | S29: =B29-F29 -> 0.20559594 | U29: ='Inflation Rate'!C34 -> 0.0144928 | V29: =(1+B29)/(1+$U29)-1 -> 0.30058498 | W29: =(1+C29)/(1+$U29)-1 -> 0.9006542 | X29: =(1+D29)/(1+$U29)-1 -> -0.012585402 | Y29: =(1+E29)/(1+$U29)-1 -> 0.035176153 | Z29: =(1+F29)/(1+$U29)-1 -> 0.097926135 | AA29: =(1+G29)/(1+$U29)-1 -> 0.017440454 | AB29: =(1+H29)/(1+$U29)-1 -> -0.013436981 | AC29: =AC28*(1+V29) -> 179.64279 | AD29: =AD28*(1+W29) -> 309.43637 | AE29: =AE28*(1+X29) -> 144.31118 | AF29: =AF28*(1+Y29) -> 173.60309 | AG29: =AG28*(1+Z29) -> 233.21061 | AH29: =AH28*(1+AA29) -> 108.41333 | AI29: =AI28*(1+AB29) -> 208.76625 | AJ29: =Table1[[#This Row],[S&P 500 (includes dividends)2]]-Table1[[#This Row],[3-month T. Bill (Real)]] -> 0.31317039 | AK29: =Table1[[#This Row],[S&P 500 (includes dividends)2]]-Table1[[#This Row],[!0-year T.Bonds]] -> 0.26540883
A30: 1937 | B30: =('S&P 500 & Raw Data'!B13-'S&P 500 & Raw Data'!B12+'S&P 500 & Raw Data'!C13)/'S&P 500 & Raw Data'!B12 -> -0.35336729 | C30: ='Small Cap'!B11 -> -0.5328 | D30: ='T. Bill rates'!C15 -> 0.0027583333 | E30: ='S&P 500 & Raw Data'!F13 -> 0.013791461 | F30: ='S&P 500 & Raw Data'!J13 -> -0.044161917 | G30: ='Home Prices'!B13/'Home Prices'!B12-1 -> 0.025633912 | H30: ='Gold Prices'!B12/'Gold Prices'!B11-1 -> -0.0022942357 | I30: =I29*(1+B30) -> 94.004668 | J30: =J29*(1+C30) -> 116.99199 | K30: =K29*(1+D30) -> 117.10575 | L30: =L29*(1+E30) -> 142.4256 | M30: =M29*(1+F30) -> 180.39089 | N30: =N29*(1+G30) -> 89.982281 | O30: =O29*(1+H30) -> 168.5562 | P30: =B30-D30 -> -0.35612562 | Q30: =B30-E30 -> -0.36715875 | R30: =Table1[[#This Row],[US Small cap (bottom decile)]]-Table1[[#This Row],[S&P 500 (includes dividends)]] -> -0.17943271 | S30: =B30-F30 -> -0.30920537 | U30: ='Inflation Rate'!C35 -> 0.0285714 | V30: =(1+B30)/(1+$U30)-1 -> -0.37132929 | W30: =(1+C30)/(1+$U30)-1 -> -0.54577777 | X30: =(1+D30)/(1+$U30)-1 -> -0.025096038 | Y30: =(1+E30)/(1+$U30)-1 -> -0.014369386 | Z30: =(1+F30)/(1+$U30)-1 -> -0.070712949 | AA30: =(1+G30)/(1+$U30)-1 -> -0.002855891 | AB30: =(1+H30)/(1+$U30)-1 -> -0.030008258 | AC30: =AC29*(1+V30) -> 112.93616 | AD30: =AD29*(1+W30) -> 140.55288 | AE30: =AE29*(1+X30) -> 140.68954 | AF30: =AF29*(1+Y30) -> 171.10852 | AG30: =AG29*(1+Z30) -> 216.7196 | AH30: =AH29*(1+AA30) -> 108.10371 | AI30: =AI29*(1+AB30) -> 202.50154 | AJ30: =Table1[[#This Row],[S&P 500 (includes dividends)2]]-Table1[[#This Row],[3-month T. Bill (Real)]] -> -0.34623325 | AK30: =Table1[[#This Row],[S&P 500 (includes dividends)2]]-Table1[[#This Row],[!0-year T.Bonds]] -> -0.3569599
A31: 1938 | B31: =('S&P 500 & Raw Data'!B14-'S&P 500 & Raw Data'!B13+'S&P 500 & Raw Data'!C14)/'S&P 500 & Raw Data'!B13 -> 0.29282654 | C31: ='Small Cap'!B12 -> 0.016 | D31: ='T. Bill rates'!C16 -> 0.00065 | E31: ='S&P 500 & Raw Data'!F14 -> 0.042132485 | F31: ='S&P 500 & Raw Data'!J14 -> 0.092358817 | G31: ='Home Prices'!B14/'Home Prices'!B13-1 -> -0.0087368136 | H31: ='Gold Prices'!B13/'Gold Prices'!B12-1 -> 0.0017246335 | I31: =I30*(1+B31) -> 121.53173 | J31: =J30*(1+C31) -> 118.86387 | K31: =K30*(1+D31) -> 117.18187 | L31: =L30*(1+E31) -> 148.42634 | M31: =M30*(1+F31) -> 197.05158 | N31: =N30*(1+G31) -> 89.196123 | O31: =O30*(1+H31) -> 168.8469 | P31: =B31-D31 -> 0.29217654 | Q31: =B31-E31 -> 0.25069405 | R31: =Table1[[#This Row],[US Small cap (bottom decile)]]-Table1[[#This Row],[S&P 500 (includes dividends)]] -> -0.27682654 | S31: =B31-F31 -> 0.20046772 | U31: ='Inflation Rate'!C36 -> -0.0277778 | V31: =(1+B31)/(1+$U31)-1 -> 0.32976447 | W31: =(1+C31)/(1+$U31)-1 -> 0.045028595 | X31: =(1+D31)/(1+$U31)-1 -> 0.029240024 | Y31: =(1+E31)/(1+$U31)-1 -> 0.071907724 | Z31: =(1+F31)/(1+$U31)-1 -> 0.12356909 | AA31: =(1+G31)/(1+$U31)-1 -> 0.019585015 | AB31: =(1+H31)/(1+$U31)-1 -> 0.030345361 | AC31: =AC30*(1+V31) -> 150.17849 | AD31: =AD30*(1+W31) -> 146.88178 | AE31: =AE30*(1+X31) -> 144.8033 | AF31: =AF30*(1+Y31) -> 183.41255 | AG31: =AG30*(1+Z31) -> 243.49945 | AH31: =AH30*(1+AA31) -> 110.22092 | AI31: =AI30*(1+AB31) -> 208.64652 | AJ31: =Table1[[#This Row],[S&P 500 (includes dividends)2]]-Table1[[#This Row],[3-month T. Bill (Real)]] -> 0.30052445 | AK31: =Table1[[#This Row],[S&P 500 (includes dividends)2]]-Table1[[#This Row],[!0-year T.Bonds]] -> 0.25785675
A32: 1939 | B32: =('S&P 500 & Raw Data'!B15-'S&P 500 & Raw Data'!B14+'S&P 500 & Raw Data'!C15)/'S&P 500 & Raw Data'!B14 -> -0.010975647 | C32: ='Small Cap'!B13 -> -0.0573 | D32: ='T. Bill rates'!C17 -> 0.00045833333 | E32: ='S&P 500 & Raw Data'!F15 -> 0.044122614 | F32: ='S&P 500 & Raw Data'!J15 -> 0.079831378 | G32: ='Home Prices'!B15/'Home Prices'!B14-1 -> -0.013016072 | H32: ='Gold Prices'!B14/'Gold Prices'!B13-1 -> -0.012338594 | I32: =I31*(1+B32) -> 120.19784 | J32: =J31*(1+C32) -> 112.05297 | K32: =K31*(1+D32) -> 117.23557 | L32: =L31*(1+E32) -> 154.9753 | M32: =M31*(1+F32) -> 212.78248 | N32: =N31*(1+G32) -> 88.03514 | O32: =O31*(1+H32) -> 166.76357 | P32: =B32-D32 -> -0.01143398 | Q32: =B32-E32 -> -0.055098261 | R32: =Table1[[#This Row],[US Small cap (bottom decile)]]-Table1[[#This Row],[S&P 500 (includes dividends)]] -> -0.046324353 | S32: =B32-F32 -> -0.090807025 | U32: ='Inflation Rate'!C37 -> 0 | V32: =(1+B32)/(1+$U32)-1 -> -0.010975647 | W32: =(1+C32)/(1+$U32)-1 -> -0.0573 | X32: =(1+D32)/(1+$U32)-1 -> 0.00045833333 | Y32: =(1+E32)/(1+$U32)-1 -> 0.044122614 | Z32: =(1+F32)/(1+$U32)-1 -> 0.079831378 | AA32: =(1+G32)/(1+$U32)-1 -> -0.013016072 | AB32: =(1+H32)/(1+$U32)-1 -> -0.012338594 | AC32: =AC31*(1+V32) -> 148.53019 | AD32: =AD31*(1+W32) -> 138.46545 | AE32: =AE31*(1+X32) -> 144.86967 | AF32: =AF31*(1+Y32) -> 191.50519 | AG32: =AG31*(1+Z32) -> 262.93835 | AH32: =AH31*(1+AA32) -> 108.78628 | AI32: =AI31*(1+AB32) -> 206.07212 | AJ32: =Table1[[#This Row],[S&P 500 (includes dividends)2]]-Table1[[#This Row],[3-month T. Bill (Real)]] -> -0.01143398 | AK32: =Table1[[#This Row],[S&P 500 (includes dividends)2]]-Table1[[#This Row],[!0-year T.Bonds]] -> -0.055098261
A33: 1940 | B33: =('S&P 500 & Raw Data'!B16-'S&P 500 & Raw Data'!B15+'S&P 500 & Raw Data'!C16)/'S&P 500 & Raw Data'!B15 -> -0.10672873 | C33: ='Small Cap'!B14 -> -0.3181 | D33: ='T. Bill rates'!C18 -> 0.00035833333 | E33: ='S&P 500 & Raw Data'!F16 -> 0.054024816 | F33: ='S&P 500 & Raw Data'!J16 -> 0.086481372 | G33: ='Home Prices'!B16/'Home Prices'!B15-1 -> 0.033066077 | H33: ='Gold Prices'!B15/'Gold Prices'!B14-1 -> -0.016560139 | I33: =I32*(1+B33) -> 107.36928 | J33: =J32*(1+C33) -> 76.408918 | K33: =K32*(1+D33) -> 117.27758 | L33: =L32*(1+E33) -> 163.34781 | M33: =M32*(1+F33) -> 231.1842 | N33: =N32*(1+G33) -> 90.946116 | O33: =O32*(1+H33) -> 164.00194 | P33: =B33-D33 -> -0.10708707 | Q33: =B33-E33 -> -0.16075355 | R33: =Table1[[#This Row],[US Small cap (bottom decile)]]-Table1[[#This Row],[S&P 500 (includes dividends)]] -> -0.21137127 | S33: =B33-F33 -> -0.1932101 | U33: ='Inflation Rate'!C38 -> 0.0071429 | V33: =(1+B33)/(1+$U33)-1 -> -0.11306403 | W33: =(1+C33)/(1+$U33)-1 -> -0.3229362 | X33: =(1+D33)/(1+$U33)-1 -> -0.0067364489 | Y33: =(1+E33)/(1+$U33)-1 -> 0.046549418 | Z33: =(1+F33)/(1+$U33)-1 -> 0.078775784 | AA33: =(1+G33)/(1+$U33)-1 -> 0.025739323 | AB33: =(1+H33)/(1+$U33)-1 -> -0.023534932 | AC33: =AC32*(1+V33) -> 131.73677 | AD33: =AD32*(1+W33) -> 93.749944 | AE33: =AE32*(1+X33) -> 143.89377 | AF33: =AF32*(1+Y33) -> 200.41965 | AG33: =AG32*(1+Z33) -> 283.65152 | AH33: =AH32*(1+AA33) -> 111.58636 | AI33: =AI32*(1+AB33) -> 201.22223 | AJ33: =Table1[[#This Row],[S&P 500 (includes dividends)2]]-Table1[[#This Row],[3-month T. Bill (Real)]] -> -0.10632758 | AK33: =Table1[[#This Row],[S&P 500 (includes dividends)2]]-Table1[[#This Row],[!0-year T.Bonds]] -> -0.15961345
A34: 1941 | B34: =('S&P 500 & Raw Data'!B17-'S&P 500 & Raw Data'!B16+'S&P 500 & Raw Data'!C17)/'S&P 500 & Raw Data'!B16 -> -0.12771456 | C34: ='Small Cap'!B15 -> -0.0554 | D34: ='T. Bill rates'!C19 -> 0.0012916667 | E34: ='S&P 500 & Raw Data'!F17 -> -0.020221976 | F34: ='S&P 500 & Raw Data'!J17 -> 0.050071729 | G34: ='Home Prices'!B17/'Home Prices'!B16-1 -> -0.083846277 | H34: ='Gold Prices'!B16/'Gold Prices'!B15-1 -> 0 | I34: =I33*(1+B34) -> 93.656657 | J34: =J33*(1+C34) -> 72.175864 | K34: =K33*(1+D34) -> 117.42907 | L34: =L33*(1+E34) -> 160.0446 | M34: =M33*(1+F34) -> 242.75999 | N34: =N33*(1+G34) -> 83.320623 | O34: =O33*(1+H34) -> 164.00194 | P34: =B34-D34 -> -0.12900622 | Q34: =B34-E34 -> -0.10749258 | R34: =Table1[[#This Row],[US Small cap (bottom decile)]]-Table1[[#This Row],[S&P 500 (includes dividends)]] -> 0.072314556 | S34: =B34-F34 -> -0.17778628 | U34: ='Inflation Rate'!C39 -> 0.0992908 | V34: =(1+B34)/(1+$U34)-1 -> -0.20650164 | W34: =(1+C34)/(1+$U34)-1 -> -0.14071873 | X34: =(1+D34)/(1+$U34)-1 -> -0.089147597 | Y34: =(1+E34)/(1+$U34)-1 -> -0.10871807 | Z34: =(1+F34)/(1+$U34)-1 -> -0.044773477 | AA34: =(1+G34)/(1+$U34)-1 -> -0.16659566 | AB34: =(1+H34)/(1+$U34)-1 -> -0.090322597 | AC34: =AC33*(1+V34) -> 104.53291 | AD34: =AD33*(1+W34) -> 80.557572 | AE34: =AE33*(1+X34) -> 131.06598 | AF34: =AF33*(1+Y34) -> 178.63041 | AG34: =AG33*(1+Z34) -> 270.95146 | AH34: =AH33*(1+AA34) -> 92.99656 | AI34: =AI33*(1+AB34) -> 183.04731 | AJ34: =Table1[[#This Row],[S&P 500 (includes dividends)2]]-Table1[[#This Row],[3-month T. Bill (Real)]] -> -0.11735405 | AK34: =Table1[[#This Row],[S&P 500 (includes dividends)2]]-Table1[[#This Row],[!0-year T.Bonds]] -> -0.097783571
A35: 1942 | B35: =('S&P 500 & Raw Data'!B18-'S&P 500 & Raw Data'!B17+'S&P 500 & Raw Data'!C18)/'S&P 500 & Raw Data'!B17 -> 0.19173763 | C35: ='Small Cap'!B16 -> 0.6179 | D35: ='T. Bill rates'!C20 -> 0.003425 | E35: ='S&P 500 & Raw Data'!F18 -> 0.022948682 | F35: ='S&P 500 & Raw Data'!J18 -> 0.05179901 | G35: ='Home Prices'!B18/'Home Prices'!B17-1 -> 0.033330412 | H35: ='Gold Prices'!B17/'Gold Prices'!B16-1 -> 0 | I35: =I34*(1+B35) -> 111.61416 | J35: =J34*(1+C35) -> 116.77333 | K35: =K34*(1+D35) -> 117.83126 | L35: =L34*(1+E35) -> 163.71741 | M35: =M34*(1+F35) -> 255.33472 | N35: =N34*(1+G35) -> 86.097734 | O35: =O34*(1+H35) -> 164.00194 | P35: =B35-D35 -> 0.18831263 | Q35: =B35-E35 -> 0.16878895 | R35: =Table1[[#This Row],[US Small cap (bottom decile)]]-Table1[[#This Row],[S&P 500 (includes dividends)]] -> 0.42616237 | S35: =B35-F35 -> 0.13993862 | U35: ='Inflation Rate'!C40 -> 0.0903226 | V35: =(1+B35)/(1+$U35)-1 -> 0.093013783 | W35: =(1+C35)/(1+$U35)-1 -> 0.48387275 | X35: =(1+D35)/(1+$U35)-1 -> -0.079698981 | Y35: =(1+E35)/(1+$U35)-1 -> -0.061792645 | Z35: =(1+F35)/(1+$U35)-1 -> -0.035332286 | AA35: =(1+G35)/(1+$U35)-1 -> -0.052270941 | AB35: =(1+H35)/(1+$U35)-1 -> -0.082840253 | AC35: =AC34*(1+V35) -> 114.25591 | AD35: =AD34*(1+W35) -> 119.53719 | AE35: =AE34*(1+X35) -> 120.62016 | AF35: =AF34*(1+Y35) -> 167.59236 | AG35: =AG34*(1+Z35) -> 261.37812 | AH35: =AH34*(1+AA35) -> 88.135543 | AI35: =AI34*(1+AB35) -> 167.88363 | AJ35: =Table1[[#This Row],[S&P 500 (includes dividends)2]]-Table1[[#This Row],[3-month T. Bill (Real)]] -> 0.17271276 | AK35: =Table1[[#This Row],[S&P 500 (includes dividends)2]]-Table1[[#This Row],[!0-year T.Bonds]] -> 0.15480643
A36: 1943 | B36: =('S&P 500 & Raw Data'!B19-'S&P 500 & Raw Data'!B18+'S&P 500 & Raw Data'!C19)/'S&P 500 & Raw Data'!B18 -> 0.2506131 | C36: ='Small Cap'!B17 -> 1.3797 | D36: ='T. Bill rates'!C21 -> 0.0038 | E36: ='S&P 500 & Raw Data'!F19 -> 0.0249 | F36: ='S&P 500 & Raw Data'!J19 -> 0.080446701 | G36: ='Home Prices'!B19/'Home Prices'!B18-1 -> 0.1144626 | H36: ='Gold Prices'!B18/'Gold Prices'!B17-1 -> 0 | I36: =I35*(1+B36) -> 139.58613 | J36: =J35*(1+C36) -> 277.88549 | K36: =K35*(1+D36) -> 118.27902 | L36: =L35*(1+E36) -> 167.79397 | M36: =M35*(1+F36) -> 275.87555 | N36: =N35*(1+G36) -> 95.952704 | O36: =O35*(1+H36) -> 164.00194 | P36: =B36-D36 -> 0.2468131 | Q36: =B36-E36 -> 0.2257131 | R36: =Table1[[#This Row],[US Small cap (bottom decile)]]-Table1[[#This Row],[S&P 500 (includes dividends)]] -> 1.1290869 | S36: =B36-F36 -> 0.1701664 | U36: ='Inflation Rate'!C41 -> 0.0295858 | V36: =(1+B36)/(1+$U36)-1 -> 0.21467594 | W36: =(1+C36)/(1+$U36)-1 -> 1.3113178 | X36: =(1+D36)/(1+$U36)-1 -> -0.025044829 | Y36: =(1+E36)/(1+$U36)-1 -> -0.0045511506 | Z36: =(1+F36)/(1+$U36)-1 -> 0.04939938 | AA36: =(1+G36)/(1+$U36)-1 -> 0.082437811 | AB36: =(1+H36)/(1+$U36)-1 -> -0.028735633 | AC36: =AC35*(1+V36) -> 138.7839 | AD36: =AD35*(1+W36) -> 276.28843 | AE36: =AE35*(1+X36) -> 117.59925 | AF36: =AF35*(1+Y36) -> 166.82962 | AG36: =AG35*(1+Z36) -> 274.29004 | AH36: =AH35*(1+AA36) -> 95.401244 | AI36: =AI35*(1+AB36) -> 163.05938 | AJ36: =Table1[[#This Row],[S&P 500 (includes dividends)2]]-Table1[[#This Row],[3-month T. Bill (Real)]] -> 0.23972077 | AK36: =Table1[[#This Row],[S&P 500 (includes dividends)2]]-Table1[[#This Row],[!0-year T.Bonds]] -> 0.21922709
A37: 1944 | B37: =('S&P 500 & Raw Data'!B20-'S&P 500 & Raw Data'!B19+'S&P 500 & Raw Data'!C20)/'S&P 500 & Raw Data'!B19 -> 0.19030677 | C37: ='Small Cap'!B18 -> 0.6973 | D37: ='T. Bill rates'!C22 -> 0.0038 | E37: ='S&P 500 & Raw Data'!F20 -> 0.025776112 | F37: ='S&P 500 & Raw Data'!J20 -> 0.065658636 | G37: ='Home Prices'!B20/'Home Prices'!B19-1 -> 0.16584227 | H37: ='Gold Prices'!B19/'Gold Prices'!B18-1 -> 0 | I37: =I36*(1+B37) -> 166.15032 | J37: =J36*(1+C37) -> 471.65505 | K37: =K36*(1+D37) -> 118.72848 | L37: =L36*(1+E37) -> 172.11905 | M37: =M36*(1+F37) -> 293.98917 | N37: =N36*(1+G37) -> 111.86572 | O37: =O36*(1+H37) -> 164.00194 | P37: =B37-D37 -> 0.18650677 | Q37: =B37-E37 -> 0.16453066 | R37: =Table1[[#This Row],[US Small cap (bottom decile)]]-Table1[[#This Row],[S&P 500 (includes dividends)]] -> 0.50699323 | S37: =B37-F37 -> 0.12464813 | U37: ='Inflation Rate'!C42 -> 0.0229885 | V37: =(1+B37)/(1+$U37)-1 -> 0.16355831 | W37: =(1+C37)/(1+$U37)-1 -> 0.65915844 | X37: =(1+D37)/(1+$U37)-1 -> -0.018757298 | Y37: =(1+E37)/(1+$U37)-1 -> 0.0027249686 | Z37: =(1+F37)/(1+$U37)-1 -> 0.041711257 | AA37: =(1+G37)/(1+$U37)-1 -> 0.13964358 | AB37: =(1+H37)/(1+$U37)-1 -> -0.022471905 | AC37: =AC36*(1+V37) -> 161.48316 | AD37: =AD36*(1+W37) -> 458.40627 | AE37: =AE36*(1+X37) -> 115.3934 | AF37: =AF36*(1+Y37) -> 167.28423 | AG37: =AG36*(1+Z37) -> 285.73102 | AH37: =AH36*(1+AA37) -> 108.72341 | AI37: =AI36*(1+AB37) -> 159.39513 | AJ37: =Table1[[#This Row],[S&P 500 (includes dividends)2]]-Table1[[#This Row],[3-month T. Bill (Real)]] -> 0.18231561 | AK37: =Table1[[#This Row],[S&P 500 (includes dividends)2]]-Table1[[#This Row],[!0-year T.Bonds]] -> 0.16083334
A38: 1945 | B38: =('S&P 500 & Raw Data'!B21-'S&P 500 & Raw Data'!B20+'S&P 500 & Raw Data'!C21)/'S&P 500 & Raw Data'!B20 -> 0.35821084 | C38: ='Small Cap'!B19 -> 0.9109 | D38: ='T. Bill rates'!C23 -> 0.0038 | E38: ='S&P 500 & Raw Data'!F21 -> 0.038044173 | F38: ='S&P 500 & Raw Data'!J21 -> 0.067998655 | G38: ='Home Prices'!B21/'Home Prices'!B20-1 -> 0.11777376 | H38: ='Gold Prices'!B20/'Gold Prices'!B19-1 -> 0.025406204 | I38: =I37*(1+B38) -> 225.66717 | J38: =J37*(1+C38) -> 901.28563 | K38: =K37*(1+D38) -> 119.17965 | L38: =L37*(1+E38) -> 178.66717 | M38: =M37*(1+F38) -> 313.98003 | N38: =N37*(1+G38) -> 125.04057 | O38: =O37*(1+H38) -> 168.1686 | P38: =B38-D38 -> 0.35441084 | Q38: =B38-E38 -> 0.32016667 | R38: =Table1[[#This Row],[US Small cap (bottom decile)]]-Table1[[#This Row],[S&P 500 (includes dividends)]] -> 0.55268916 | S38: =B38-F38 -> 0.29021219 | U38: ='Inflation Rate'!C43 -> 0.0224719 | V38: =(1+B38)/(1+$U38)-1 -> 0.32836007 | W38: =(1+C38)/(1+$U38)-1 -> 0.86890222 | X38: =(1+D38)/(1+$U38)-1 -> -0.018261529 | Y38: =(1+E38)/(1+$U38)-1 -> 0.015230026 | Z38: =(1+F38)/(1+$U38)-1 -> 0.044526167 | AA38: =(1+G38)/(1+$U38)-1 -> 0.093207319 | AB38: =(1+H38)/(1+$U38)-1 -> 0.0028698137 | AC38: =AC37*(1+V38) -> 214.50779 | AD38: =AD37*(1+W38) -> 856.7165 | AE38: =AE37*(1+X38) -> 113.28614 | AF38: =AF37*(1+Y38) -> 169.83197 | AG38: =AG37*(1+Z38) -> 298.45353 | AH38: =AH37*(1+AA38) -> 118.85723 | AI38: =AI37*(1+AB38) -> 159.85256 | AJ38: =Table1[[#This Row],[S&P 500 (includes dividends)2]]-Table1[[#This Row],[3-month T. Bill (Real)]] -> 0.3466216 | AK38: =Table1[[#This Row],[S&P 500 (includes dividends)2]]-Table1[[#This Row],[!0-year T.Bonds]] -> 0.31313004
... A52: 1959 | B52: =('S&P 500 & Raw Data'!B35-'S&P 500 & Raw Data'!B34+'S&P 500 & Raw Data'!C35)/'S&P 500 & Raw Data'!B34 -> 0.12056457 | C52: ='Small Cap'!B33 -> 0.1274 | D52: ='T. Bill rates'!C37 -> 0.033860159 | E52: ='S&P 500 & Raw Data'!F35 -> -0.026466313 | F52: ='S&P 500 & Raw Data'!J35 -> 0.015743431 | G52: ='Home Prices'!B35/'Home Prices'!B34-1 -> 0.0010952903 | H52: ='Gold Prices'!B34/'Gold Prices'!B33-1 -> 0 | I52: =I51*(1+B52) -> 1608.9516 | J52: =J51*(1+C52) -> 4822.1565 | K52: =K51*(1+D52) -> 149.84231 | L52: =L51*(1+E52) -> 214.55509 | M52: =M51*(1+F52) -> 440.94935 | N52: =N51*(1+G52) -> 259.31167 | O52: =O51*(1+H52) -> 170.05814 | P52: =B52-D52 -> 0.086704412 | Q52: =B52-E52 -> 0.14703088 | R52: =Table1[[#This Row],[US Small cap (bottom decile)]]-Table1[[#This Row],[S&P 500 (includes dividends)]] -> 0.0068354284 | S52: =B52-F52 -> 0.10482114 | U52: ='Inflation Rate'!C57 -> 0.017301 | V52: =(1+B52)/(1+$U52)-1 -> 0.10150739 | W52: =(1+C52)/(1+$U52)-1 -> 0.10822657 | X52: =(1+D52)/(1+$U52)-1 -> 0.016277542 | Y52: =(1+E52)/(1+$U52)-1 -> -0.043022972 | Z52: =(1+F52)/(1+$U52)-1 -> -0.0015310799 | AA52: =(1+G52)/(1+$U52)-1 -> -0.015930103 | AB52: =(1+H52)/(1+$U52)-1 -> -0.017006766 | AC52: =AC51*(1+V52) -> 946.76414 | AD52: =AD51*(1+W52) -> 2837.5277 | AE52: =AE51*(1+X52) -> 88.172525 | AF52: =AF51*(1+Y52) -> 126.25182 | AG52: =AG51*(1+Z52) -> 259.47022 | AH52: =AH51*(1+AA52) -> 152.58817 | AI52: =AI51*(1+AB52) -> 100.06823 | AJ52: =Table1[[#This Row],[S&P 500 (includes dividends)2]]-Table1[[#This Row],[3-month T. Bill (Real)]] -> 0.085229851 | AK52: =Table1[[#This Row],[S&P 500 (includes dividends)2]]-Table1[[#This Row],[!0-year T.Bonds]] -> 0.14453036
A53: 1960 | B53: =('S&P 500 & Raw Data'!B36-'S&P 500 & Raw Data'!B35+'S&P 500 & Raw Data'!C36)/'S&P 500 & Raw Data'!B35 -> 0.0033653531 | C53: ='Small Cap'!B34 -> -0.0349 | D53: ='T. Bill rates'!C38 -> 0.028729719 | E53: ='S&P 500 & Raw Data'!F36 -> 0.11639504 | F53: ='S&P 500 & Raw Data'!J36 -> 0.066631872 | G53: ='Home Prices'!B36/'Home Prices'!B35-1 -> 0.0076586433 | H53: ='Gold Prices'!B35/'Gold Prices'!B34-1 -> 0.0048433048 | I53: =I52*(1+B53) -> 1614.3663 | J53: =J52*(1+C53) -> 4653.8633 | K53: =K52*(1+D53) -> 154.14724 | L53: =L52*(1+E53) -> 239.52824 | M53: =M52*(1+F53) -> 470.33063 | N53: =N52*(1+G53) -> 261.29765 | O53: =O52*(1+H53) -> 170.88178 | P53: =B53-D53 -> -0.025364366 | Q53: =B53-E53 -> -0.11302968 | R53: =Table1[[#This Row],[US Small cap (bottom decile)]]-Table1[[#This Row],[S&P 500 (includes dividends)]] -> -0.038265353 | S53: =B53-F53 -> -0.063266518 | T53: =((I53/100)^(1/(A53-$A$21+1)))-((L53/100)^(1/(A53-$A$21+1))) -> 0.061119788 | U53: ='Inflation Rate'!C58 -> 0.0136054 | V53: =(1+B53)/(1+$U53)-1 -> -0.010102597 | W53: =(1+C53)/(1+$U53)-1 -> -0.047854323 | X53: =(1+D53)/(1+$U53)-1 -> 0.014921309 | Y53: =(1+E53)/(1+$U53)-1 -> 0.10140991 | Z53: =(1+F53)/(1+$U53)-1 -> 0.052314709 | AA53: =(1+G53)/(1+$U53)-1 -> -0.0058669347 | AB53: =(1+H53)/(1+$U53)-1 -> -0.0086444835 | AC53: =AC52*(1+V53) -> 937.19936 | AD53: =AD52*(1+W53) -> 2701.7398 | AE53: =AE52*(1+X53) -> 89.488175 | AF53: =AF52*(1+Y53) -> 139.055 | AG53: =AG52*(1+Z53) -> 273.04433 | AH53: =AH52*(1+AA53) -> 151.69295 | AI53: =AI52*(1+AB53) -> 99.203195 | AJ53: =Table1[[#This Row],[S&P 500 (includes dividends)2]]-Table1[[#This Row],[3-month T. Bill (Real)]] -> -0.025023905 | AK53: =Table1[[#This Row],[S&P 500 (includes dividends)2]]-Table1[[#This Row],[!0-year T.Bonds]] -> -0.11151251
A54: 1961 | B54: =('S&P 500 & Raw Data'!B37-'S&P 500 & Raw Data'!B36+'S&P 500 & Raw Data'!C37)/'S&P 500 & Raw Data'!B36 -> 0.26637713 | C54: ='Small Cap'!B35 -> 0.2983 | D54: ='T. Bill rates'!C39 -> 0.0235249 | E54: ='S&P 500 & Raw Data'!F37 -> 0.020609208 | F54: ='S&P 500 & Raw Data'!J37 -> 0.051 | G54: ='Home Prices'!B37/'Home Prices'!B36-1 -> 0.009771987 | H54: ='Gold Prices'!B36/'Gold Prices'!B35-1 -> -0.00056705415 | I54: =I53*(1+B54) -> 2044.3966 | J54: =J53*(1+C54) -> 6042.1107 | K54: =K53*(1+D54) -> 157.77354 | L54: =L53*(1+E54) -> 244.46473 | M54: =M53*(1+F54) -> 494.31749 | N54: =N53*(1+G54) -> 263.85104 | O54: =O53*(1+H54) -> 170.78488 | P54: =B54-D54 -> 0.24285223 | Q54: =B54-E54 -> 0.24576792 | R54: =Table1[[#This Row],[US Small cap (bottom decile)]]-Table1[[#This Row],[S&P 500 (includes dividends)]] -> 0.03192287 | S54: =B54-F54 -> 0.21537713 | T54: =((I54/100)^(1/(A54-$A$21+1)))-((L54/100)^(1/(A54-$A$21+1))) -> 0.066173592 | U54: ='Inflation Rate'!C59 -> 0.0067114 | V54: =(1+B54)/(1+$U54)-1 -> 0.25793463 | W54: =(1+C54)/(1+$U54)-1 -> 0.28964468 | X54: =(1+D54)/(1+$U54)-1 -> 0.01670141 | Y54: =(1+E54)/(1+$U54)-1 -> 0.013805156 | Z54: =(1+F54)/(1+$U54)-1 -> 0.043993343 | AA54: =(1+G54)/(1+$U54)-1 -> 0.0030401831 | AB54: =(1+H54)/(1+$U54)-1 -> -0.0072299312 | AC54: =AC53*(1+V54) -> 1178.9355 | AD54: =AD53*(1+W54) -> 3484.2843 | AE54: =AE53*(1+X54) -> 90.982753 | AF54: =AF53*(1+Y54) -> 140.97468 | AG54: =AG53*(1+Z54) -> 285.05646 | AH54: =AH53*(1+AA54) -> 152.15412 | AI54: =AI53*(1+AB54) -> 98.485963 | AJ54: =Table1[[#This Row],[S&P 500 (includes dividends)2]]-Table1[[#This Row],[3-month T. Bill (Real)]] -> 0.24123322 | AK54: =Table1[[#This Row],[S&P 500 (includes dividends)2]]-Table1[[#This Row],[!0-year T.Bonds]] -> 0.24412947
A55: 1962 | B55: =('S&P 500 & Raw Data'!B38-'S&P 500 & Raw Data'!B37+'S&P 500 & Raw Data'!C38)/'S&P 500 & Raw Data'!B37 -> -0.088114605 | C55: ='Small Cap'!B36 -> -0.0976 | D55: ='T. Bill rates'!C40 -> 0.027723695 | E55: ='S&P 500 & Raw Data'!F38 -> 0.056935441 | F55: ='S&P 500 & Raw Data'!J38 -> 0.06495328 | G55: ='Home Prices'!B38/'Home Prices'!B37-1 -> 0.0032258065 | H55: ='Gold Prices'!B37/'Gold Prices'!B36-1 -> -0.00056737589 | I55: =I54*(1+B55) -> 1864.2554 | J55: =J54*(1+C55) -> 5452.4007 | K55: =K54*(1+D55) -> 162.1476 | L55: =L54*(1+E55) -> 258.38343 | M55: =M54*(1+F55) -> 526.42504 | N55: =N54*(1+G55) -> 264.70218 | O55: =O54*(1+H55) -> 170.68798 | P55: =B55-D55 -> -0.1158383 | Q55: =B55-E55 -> -0.14505005 | R55: =Table1[[#This Row],[US Small cap (bottom decile)]]-Table1[[#This Row],[S&P 500 (includes dividends)]] -> -0.0094853948 | S55: =B55-F55 -> -0.15306789 | T55: =((I55/100)^(1/(A55-$A$21+1)))-((L55/100)^(1/(A55-$A$21+1))) -> 0.059683465 | U55: ='Inflation Rate'!C60 -> 0.0133333 | V55: =(1+B55)/(1+$U55)-1 -> -0.10011307 | W55: =(1+C55)/(1+$U55)-1 -> -0.10947365 | X55: =(1+D55)/(1+$U55)-1 -> 0.014201048 | Y55: =(1+E55)/(1+$U55)-1 -> 0.04302843 | Z55: =(1+F55)/(1+$U55)-1 -> 0.050940771 | AA55: =(1+G55)/(1+$U55)-1 -> -0.0099745005 | AB55: =(1+H55)/(1+$U55)-1 -> -0.013717773 | AC55: =AC54*(1+V55) -> 1060.9087 | AD55: =AD54*(1+W55) -> 3102.847 | AE55: =AE54*(1+X55) -> 92.274804 | AF55: =AF54*(1+Y55) -> 147.0406 | AG55: =AG54*(1+Z55) -> 299.57746 | AH55: =AH54*(1+AA55) -> 150.63646 | AI55: =AI54*(1+AB55) -> 97.134955 | AJ55: =Table1[[#This Row],[S&P 500 (includes dividends)2]]-Table1[[#This Row],[3-month T. Bill (Real)]] -> -0.11431412 | AK55: =Table1[[#This Row],[S&P 500 (includes dividends)2]]-Table1[[#This Row],[!0-year T.Bonds]] -> -0.1431415
A56: 1963 | B56: =('S&P 500 & Raw Data'!B39-'S&P 500 & Raw Data'!B38+'S&P 500 & Raw Data'!C39)/'S&P 500 & Raw Data'!B38 -> 0.22611927 | C56: ='Small Cap'!B37 -> 0.1993 | D56: ='T. Bill rates'!C41 -> 0.031560241 | E56: ='S&P 500 & Raw Data'!F39 -> 0.016841621 | F56: ='S&P 500 & Raw Data'!J39 -> 0.054644806 | G56: ='Home Prices'!B39/'Home Prices'!B38-1 -> 0.021436227 | H56: ='Gold Prices'!B38/'Gold Prices'!B37-1 -> -0.0039738859 | I56: =I55*(1+B56) -> 2285.7995 | J56: =J55*(1+C56) -> 6539.0641 | K56: =K55*(1+D56) -> 167.26502 | L56: =L55*(1+E56) -> 262.73503 | M56: =M55*(1+F56) -> 555.19143 | N56: =N55*(1+G56) -> 270.37639 | O56: =O55*(1+H56) -> 170.00969 | P56: =B56-D56 -> 0.19455903 | Q56: =B56-E56 -> 0.20927765 | R56: =Table1[[#This Row],[US Small cap (bottom decile)]]-Table1[[#This Row],[S&P 500 (includes dividends)]] -> -0.026819271 | S56: =B56-F56 -> 0.17147447 | T56: =((I56/100)^(1/(A56-$A$21+1)))-((L56/100)^(1/(A56-$A$21+1))) -> 0.063618994 | U56: ='Inflation Rate'!C61 -> 0.0164474 | V56: =(1+B56)/(1+$U56)-1 -> 0.20627912 | W56: =(1+C56)/(1+$U56)-1 -> 0.17989381 | X56: =(1+D56)/(1+$U56)-1 -> 0.014868296 | Y56: =(1+E56)/(1+$U56)-1 -> 0.00038784175 | Z56: =(1+F56)/(1+$U56)-1 -> 0.037579324 | AA56: =(1+G56)/(1+$U56)-1 -> 0.0049081017 | AB56: =(1+H56)/(1+$U56)-1 -> -0.020090844 | AC56: =AC55*(1+V56) -> 1279.752 | AD56: =AD55*(1+W56) -> 3661.0299 | AE56: =AE55*(1+X56) -> 93.646773 | AF56: =AF55*(1+Y56) -> 147.09763 | AG56: =AG55*(1+Z56) -> 310.83537 | AH56: =AH55*(1+AA56) -> 151.3758 | AI56: =AI55*(1+AB56) -> 95.183432 | AJ56: =Table1[[#This Row],[S&P 500 (includes dividends)2]]-Table1[[#This Row],[3-month T. Bill (Real)]] -> 0.19141082 | AK56: =Table1[[#This Row],[S&P 500 (includes dividends)2]]-Table1[[#This Row],[!0-year T.Bonds]] -> 0.20589127
A57: 1964 | B57: =('S&P 500 & Raw Data'!B40-'S&P 500 & Raw Data'!B39+'S&P 500 & Raw Data'!C40)/'S&P 500 & Raw Data'!B39 -> 0.16415456 | C57: ='Small Cap'!B38 -> 0.2315 | D57: ='T. Bill rates'!C42 -> 0.035457371 | E57: ='S&P 500 & Raw Data'!F40 -> 0.037280649 | F57: ='S&P 500 & Raw Data'!J40 -> 0.051617393 | G57: ='Home Prices'!B40/'Home Prices'!B39-1 -> 0.012591815 | H57: ='Gold Prices'!B39/'Gold Prices'!B38-1 -> 0.00028498148 | I57: =I56*(1+B57) -> 2661.0239 | J57: =J56*(1+C57) -> 8052.8575 | K57: =K56*(1+D57) -> 173.1958 | L57: =L56*(1+E57) -> 272.52996 | M57: =M56*(1+F57) -> 583.84896 | N57: =N56*(1+G57) -> 273.78092 | O57: =O56*(1+H57) -> 170.05814 | P57: =B57-D57 -> 0.12869719 | Q57: =B57-E57 -> 0.12687391 | R57: =Table1[[#This Row],[US Small cap (bottom decile)]]-Table1[[#This Row],[S&P 500 (includes dividends)]] -> 0.067345441 | S57: =B57-F57 -> 0.11253717 | T57: =((I57/100)^(1/(A57-$A$21+1)))-((L57/100)^(1/(A57-$A$21+1))) -> 0.065267777 | U57: ='Inflation Rate'!C62 -> 0.0097087 | V57: =(1+B57)/(1+$U57)-1 -> 0.15296081 | W57: =(1+C57)/(1+$U57)-1 -> 0.2196587 | X57: =(1+D57)/(1+$U57)-1 -> 0.025501088 | Y57: =(1+E57)/(1+$U57)-1 -> 0.027306835 | Z57: =(1+F57)/(1+$U57)-1 -> 0.041505726 | AA57: =(1+G57)/(1+$U57)-1 -> 0.0028553932 | AB57: =(1+H57)/(1+$U57)-1 -> -0.0093331062 | AC57: =AC56*(1+V57) -> 1475.5039 | AD57: =AD56*(1+W57) -> 4465.207 | AE57: =AE56*(1+X57) -> 96.034867 | AF57: =AF56*(1+Y57) -> 151.1144 | AG57: =AG56*(1+Z57) -> 323.73682 | AH57: =AH56*(1+AA57) -> 151.80804 | AI57: =AI56*(1+AB57) -> 94.295075 | AJ57: =Table1[[#This Row],[S&P 500 (includes dividends)2]]-Table1[[#This Row],[3-month T. Bill (Real)]] -> 0.12745972 | AK57: =Table1[[#This Row],[S&P 500 (includes dividends)2]]-Table1[[#This Row],[!0-year T.Bonds]] -> 0.12565397
A58: 1965 | B58: =('S&P 500 & Raw Data'!B41-'S&P 500 & Raw Data'!B40+'S&P 500 & Raw Data'!C41)/'S&P 500 & Raw Data'!B40 -> 0.12399242 | C58: ='Small Cap'!B39 -> 0.4566 | D58: ='T. Bill rates'!C43 -> 0.039490763 | E58: ='S&P 500 & Raw Data'!F41 -> 0.0071885509 | F58: ='S&P 500 & Raw Data'!J41 -> 0.031900095 | G58: ='Home Prices'!B41/'Home Prices'!B40-1 -> 0.016580311 | H58: ='Gold Prices'!B40/'Gold Prices'!B39-1 -> 0.00056980057 | I58: =I57*(1+B58) -> 2990.9707 | J58: =J57*(1+C58) -> 11729.792 | K58: =K57*(1+D58) -> 180.03543 | L58: =L57*(1+E58) -> 274.48906 | M58: =M57*(1+F58) -> 602.4738 | N58: =N57*(1+G58) -> 278.3203 | O58: =O57*(1+H58) -> 170.15504 | P58: =B58-D58 -> 0.084501662 | Q58: =B58-E58 -> 0.11680387 | R58: =Table1[[#This Row],[US Small cap (bottom decile)]]-Table1[[#This Row],[S&P 500 (includes dividends)]] -> 0.33260758 | S58: =B58-F58 -> 0.09209233 | T58: =((I58/100)^(1/(A58-$A$21+1)))-((L58/100)^(1/(A58-$A$21+1))) -> 0.066617942 | U58: ='Inflation Rate'!C63 -> 0.0192308 | V58: =(1+B58)/(1+$U58)-1 -> 0.10278499 | W58: =(1+C58)/(1+$U58)-1 -> 0.42911694 | X58: =(1+D58)/(1+$U58)-1 -> 0.019877699 | Y58: =(1+E58)/(1+$U58)-1 -> -0.011815036 | Z58: =(1+F58)/(1+$U58)-1 -> 0.012430251 | AA58: =(1+G58)/(1+$U58)-1 -> -0.0026004798 | AB58: =(1+H58)/(1+$U58)-1 -> -0.018308905 | AC58: =AC57*(1+V58) -> 1627.1635 | AD58: =AD57*(1+W58) -> 6381.303 | AE58: =AE57*(1+X58) -> 97.94382 | AF58: =AF57*(1+Y58) -> 149.32897 | AG58: =AG57*(1+Z58) -> 327.76095 | AH58: =AH57*(1+AA58) -> 151.41326 | AI58: =AI57*(1+AB58) -> 92.568635 | AJ58: =Table1[[#This Row],[S&P 500 (includes dividends)2]]-Table1[[#This Row],[3-month T. Bill (Real)]] -> 0.082907288 | AK58: =Table1[[#This Row],[S&P 500 (includes dividends)2]]-Table1[[#This Row],[!0-year T.Bonds]] -> 0.11460002
A59: 1966 | B59: =('S&P 500 & Raw Data'!B42-'S&P 500 & Raw Data'!B41+'S&P 500 & Raw Data'!C42)/'S&P 500 & Raw Data'!B41 -> -0.099709542 | C59: ='Small Cap'!B40 -> -0.0949 | D59: ='T. Bill rates'!C44 -> 0.0485572 | E59: ='S&P 500 & Raw Data'!F42 -> 0.029079409 | F59: ='S&P 500 & Raw Data'!J42 -> -0.034453616 | G59: ='Home Prices'!B42/'Home Prices'!B41-1 -> 0.012232416 | H59: ='Gold Prices'!B41/'Gold Prices'!B40-1 -> 0.00028473804 | I59: =I58*(1+B59) -> 2692.7424 | J59: =J58*(1+C59) -> 10616.635 | K59: =K58*(1+D59) -> 188.77745 | L59: =L58*(1+E59) -> 282.47104 | M59: =M58*(1+F59) -> 581.7164 | N59: =N58*(1+G59) -> 281.72482 | O59: =O58*(1+H59) -> 170.20349 | P59: =B59-D59 -> -0.14826674 | Q59: =B59-E59 -> -0.12878895 | R59: =Table1[[#This Row],[US Small cap (bottom decile)]]-Table1[[#This Row],[S&P 500 (includes dividends)]] -> 0.0048095424 | S59: =B59-F59 -> -0.065255926 | T59: =((I59/100)^(1/(A59-$A$21+1)))-((L59/100)^(1/(A59-$A$21+1))) -> 0.06112372 | U59: ='Inflation Rate'!C64 -> 0.0345912 | V59: =(1+B59)/(1+$U59)-1 -> -0.12981044 | W59: =(1+C59)/(1+$U59)-1 -> -0.12516171 | X59: =(1+D59)/(1+$U59)-1 -> 0.013499052 | Y59: =(1+E59)/(1+$U59)-1 -> -0.0053275059 | Z59: =(1+F59)/(1+$U59)-1 -> -0.066736326 | AA59: =(1+G59)/(1+$U59)-1 -> -0.021611226 | AB59: =(1+H59)/(1+$U59)-1 -> -0.033159437 | AC59: =AC58*(1+V59) -> 1415.9407 | AD59: =AD58*(1+W59) -> 5582.6082 | AE59: =AE58*(1+X59) -> 99.265968 | AF59: =AF58*(1+Y59) -> 148.53342 | AG59: =AG58*(1+Z59) -> 305.88739 | AH59: =AH58*(1+AA59) -> 148.14104 | AI59: =AI58*(1+AB59) -> 89.499111 | AJ59: =Table1[[#This Row],[S&P 500 (includes dividends)2]]-Table1[[#This Row],[3-month T. Bill (Real)]] -> -0.14330949 | AK59: =Table1[[#This Row],[S&P 500 (includes dividends)2]]-Table1[[#This Row],[!0-year T.Bonds]] -> -0.12448294
A60: 1967 | B60: =('S&P 500 & Raw Data'!B43-'S&P 500 & Raw Data'!B42+'S&P 500 & Raw Data'!C43)/'S&P 500 & Raw Data'!B42 -> 0.23802967 | C60: ='Small Cap'!B41 -> 1.1679 | D60: ='T. Bill rates'!C45 -> 0.042934538 | E60: ='S&P 500 & Raw Data'!F43 -> -0.01580621 | F60: ='S&P 500 & Raw Data'!J43 -> 0.0089522661 | G60: ='Home Prices'!B43/'Home Prices'!B42-1 -> 0.023162135 | H60: ='Gold Prices'!B42/'Gold Prices'!B41-1 -> -0.0051238258 | I60: =I59*(1+B60) -> 3333.6949 | J60: =J59*(1+C60) -> 23015.803 | K60: =K59*(1+D60) -> 196.88252 | L60: =L59*(1+E60) -> 278.00624 | M60: =M59*(1+F60) -> 586.92408 | N60: =N59*(1+G60) -> 288.25017 | O60: =O59*(1+H60) -> 169.3314 | P60: =B60-D60 -> 0.19509513 | Q60: =B60-E60 -> 0.25383588 | R60: =Table1[[#This Row],[US Small cap (bottom decile)]]-Table1[[#This Row],[S&P 500 (includes dividends)]] -> 0.92987033 | S60: =B60-F60 -> 0.2290774 | T60: =((I60/100)^(1/(A60-$A$21+1)))-((L60/100)^(1/(A60-$A$21+1))) -> 0.065732839 | U60: ='Inflation Rate'!C65 -> 0.0303951 | V60: =(1+B60)/(1+$U60)-1 -> 0.20150966 | W60: =(1+C60)/(1+$U60)-1 -> 1.1039502 | X60: =(1+D60)/(1+$U60)-1 -> 0.012169544 | Y60: =(1+E60)/(1+$U60)-1 -> -0.044838441 | Z60: =(1+F60)/(1+$U60)-1 -> -0.020810303 | AA60: =(1+G60)/(1+$U60)-1 -> -0.0070196035 | AB60: =(1+H60)/(1+$U60)-1 -> -0.034471171 | AC60: =AC59*(1+V60) -> 1701.2664 | AD60: =AD59*(1+W60) -> 11745.53 | AE60: =AE59*(1+X60) -> 100.47399 | AF60: =AF59*(1+Y60) -> 141.87342 | AG60: =AG59*(1+Z60) -> 299.52178 | AH60: =AH59*(1+AA60) -> 147.10115 | AI60: =AI59*(1+AB60) -> 86.413972 | AJ60: =Table1[[#This Row],[S&P 500 (includes dividends)2]]-Table1[[#This Row],[3-month T. Bill (Real)]] -> 0.18934012 | AK60: =Table1[[#This Row],[S&P 500 (includes dividends)2]]-Table1[[#This Row],[!0-year T.Bonds]] -> 0.2463481
A61: 1968 | B61: =('S&P 500 & Raw Data'!B44-'S&P 500 & Raw Data'!B43+'S&P 500 & Raw Data'!C44)/'S&P 500 & Raw Data'!B43 -> 0.10814863 | C61: ='Small Cap'!B42 -> 0.607 | D61: ='T. Bill rates'!C46 -> 0.053376 | E61: ='S&P 500 & Raw Data'!F44 -> 0.032746197 | F61: ='S&P 500 & Raw Data'!J44 -> 0.048451462 | G61: ='Home Prices'!B44/'Home Prices'!B43-1 -> 0.041338583 | H61: ='Gold Prices'!B43/'Gold Prices'!B42-1 -> 0.12474964 | I61: =I60*(1+B61) -> 3694.2294 | J61: =J60*(1+C61) -> 36986.395 | K61: =K60*(1+D61) -> 207.39133 | L61: =L60*(1+E61) -> 287.10989 | M61: =M60*(1+F61) -> 615.36141 | N61: =N60*(1+G61) -> 300.16603 | O61: =O60*(1+H61) -> 190.45543 | P61: =B61-D61 -> 0.054772627 | Q61: =B61-E61 -> 0.07540243 | R61: =Table1[[#This Row],[US Small cap (bottom decile)]]-Table1[[#This Row],[S&P 500 (includes dividends)]] -> 0.49885137 | S61: =B61-F61 -> 0.059697164 | T61: =((I61/100)^(1/(A61-$A$21+1)))-((L61/100)^(1/(A61-$A$21+1))) -> 0.065966278 | U61: ='Inflation Rate'!C66 -> 0.0471976 | V61: =(1+B61)/(1+$U61)-1 -> 0.05820394 | W61: =(1+C61)/(1+$U61)-1 -> 0.53457189 | X61: =(1+D61)/(1+$U61)-1 -> 0.0058999371 | Y61: =(1+E61)/(1+$U61)-1 -> -0.013800073 | Z61: =(1+F61)/(1+$U61)-1 -> 0.0011973502 | AA61: =(1+G61)/(1+$U61)-1 -> -0.0055949492 | AB61: =(1+H61)/(1+$U61)-1 -> 0.074056742 | AC61: =AC60*(1+V61) -> 1800.2868 | AD61: =AD60*(1+W61) -> 18024.36 | AE61: =AE60*(1+X61) -> 101.06678 | AF61: =AF60*(1+Y61) -> 139.91555 | AG61: =AG60*(1+Z61) -> 299.88041 | AH61: =AH60*(1+AA61) -> 146.27812 | AI61: =AI60*(1+AB61) -> 92.813509 | AJ61: =Table1[[#This Row],[S&P 500 (includes dividends)2]]-Table1[[#This Row],[3-month T. Bill (Real)]] -> 0.052304003 | AK61: =Table1[[#This Row],[S&P 500 (includes dividends)2]]-Table1[[#This Row],[!0-year T.Bonds]] -> 0.072004013
A62: 1969 | B62: =('S&P 500 & Raw Data'!B45-'S&P 500 & Raw Data'!B44+'S&P 500 & Raw Data'!C45)/'S&P 500 & Raw Data'!B44 -> -0.082413711 | C62: ='Small Cap'!B43 -> -0.3305 | D62: ='T. Bill rates'!C47 -> 0.066684677 | E62: ='S&P 500 & Raw Data'!F45 -> -0.050140493 | F62: ='S&P 500 & Raw Data'!J45 -> -0.020251643 | G62: ='Home Prices'!B45/'Home Prices'!B44-1 -> 0.069943289 | H62: ='Gold Prices'!B44/'Gold Prices'!B43-1 -> 0.050114475 | I62: =I61*(1+B62) -> 3389.7743 | J62: =J61*(1+C62) -> 24762.392 | K62: =K61*(1+D62) -> 221.22115 | L62: =L61*(1+E62) -> 272.71406 | M62: =M61*(1+F62) -> 602.89933 | N62: =N61*(1+G62) -> 321.16063 | O62: =O61*(1+H62) -> 200 | P62: =B62-D62 -> -0.14909839 | Q62: =B62-E62 -> -0.032273218 | R62: =Table1[[#This Row],[US Small cap (bottom decile)]]-Table1[[#This Row],[S&P 500 (includes dividends)]] -> -0.24808629 | S62: =B62-F62 -> -0.062162068 | T62: =((I62/100)^(1/(A62-$A$21+1)))-((L62/100)^(1/(A62-$A$21+1))) -> 0.063333873 | U62: ='Inflation Rate'!C67 -> 0.0619718 | V62: =(1+B62)/(1+$U62)-1 -> -0.13595984 | W62: =(1+C62)/(1+$U62)-1 -> -0.36956895 | X62: =(1+D62)/(1+$U62)-1 -> 0.0044378555 | Y62: =(1+E62)/(1+$U62)-1 -> -0.10556993 | Z62: =(1+F62)/(1+$U62)-1 -> -0.07742526 | AA62: =(1+G62)/(1+$U62)-1 -> 0.0075063097 | AB62: =(1+H62)/(1+$U62)-1 -> -0.011165386 | AC62: =AC61*(1+V62) -> 1555.5201 | AD62: =AD61*(1+W62) -> 11363.116 | AE62: =AE61*(1+X62) -> 101.5153 | AF62: =AF61*(1+Y62) -> 125.14468 | AG62: =AG61*(1+Z62) -> 276.66209 | AH62: =AH61*(1+AA62) -> 147.37613 | AI62: =AI61*(1+AB62) -> 91.777211 | AJ62: =Table1[[#This Row],[S&P 500 (includes dividends)2]]-Table1[[#This Row],[3-month T. Bill (Real)]] -> -0.14039769 | AK62: =Table1[[#This Row],[S&P 500 (includes dividends)2]]-Table1[[#This Row],[!0-year T.Bonds]] -> -0.030389901
A63: 1970 | B63: =('S&P 500 & Raw Data'!B46-'S&P 500 & Raw Data'!B45+'S&P 500 & Raw Data'!C46)/'S&P 500 & Raw Data'!B45 -> 0.035611449 | C63: ='Small Cap'!B44 -> -0.19 | D63: ='T. Bill rates'!C48 -> 0.06391 | E63: ='S&P 500 & Raw Data'!F46 -> 0.16754737 | F63: ='S&P 500 & Raw Data'!J46 -> 0.056495677 | G63: ='Home Prices'!B46/'Home Prices'!B45-1 -> 0.082155477 | H63: ='Gold Prices'!B45/'Gold Prices'!B44-1 -> -0.094476744 | I63: =I62*(1+B63) -> 3510.4891 | J63: =J62*(1+C63) -> 20057.537 | K63: =K62*(1+D63) -> 235.35939 | L63: =L62*(1+E63) -> 318.40658 | M63: =M62*(1+F63) -> 636.96054 | N63: =N62*(1+G63) -> 347.54573 | O63: =O62*(1+H63) -> 181.10465 | P63: =B63-D63 -> -0.028298551 | Q63: =B63-E63 -> -0.13193592 | R63: =Table1[[#This Row],[US Small cap (bottom decile)]]-Table1[[#This Row],[S&P 500 (includes dividends)]] -> -0.22561145 | S63: =B63-F63 -> -0.020884228 | T63: =((I63/100)^(1/(A63-$A$21+1)))-((L63/100)^(1/(A63-$A$21+1))) -> 0.058972567 | U63: ='Inflation Rate'!C68 -> 0.0557029 | V63: =(1+B63)/(1+$U63)-1 -> -0.01903135 | W63: =(1+C63)/(1+$U63)-1 -> -0.23273868 | X63: =(1+D63)/(1+$U63)-1 -> 0.0077740622 | Y63: =(1+E63)/(1+$U63)-1 -> 0.10594313 | Z63: =(1+F63)/(1+$U63)-1 -> 0.00075094666 | AA63: =(1+G63)/(1+$U63)-1 -> 0.025056838 | AB63: =(1+H63)/(1+$U63)-1 -> -0.1422556 | AC63: =AC62*(1+V63) -> 1525.9165 | AD63: =AD62*(1+W63) -> 8718.4795 | AE63: =AE62*(1+X63) -> 102.30449 | AF63: =AF62*(1+Y63) -> 138.4029 | AG63: =AG62*(1+Z63) -> 276.86985 | AH63: =AH62*(1+AA63) -> 151.06891 | AI63: =AI62*(1+AB63) -> 78.721389 | AJ63: =Table1[[#This Row],[S&P 500 (includes dividends)2]]-Table1[[#This Row],[3-month T. Bill (Real)]] -> -0.026805412 | AK63: =Table1[[#This Row],[S&P 500 (includes dividends)2]]-Table1[[#This Row],[!0-year T.Bonds]] -> -0.12497448
A64: 1971 | B64: =('S&P 500 & Raw Data'!B47-'S&P 500 & Raw Data'!B46+'S&P 500 & Raw Data'!C47)/'S&P 500 & Raw Data'!B46 -> 0.1422115 | C64: ='Small Cap'!B45 -> 0.1649 | D64: ='T. Bill rates'!C49 -> 0.04334257 | E64: ='S&P 500 & Raw Data'!F47 -> 0.097868966 | F64: ='S&P 500 & Raw Data'!J47 -> 0.14001466 | G64: ='Home Prices'!B47/'Home Prices'!B46-1 -> 0.04244898 | H64: ='Gold Prices'!B46/'Gold Prices'!B45-1 -> 0.16693419 | I64: =I63*(1+B64) -> 4009.721 | J64: =J63*(1+C64) -> 23365.025 | K64: =K63*(1+D64) -> 245.56047 | L64: =L63*(1+E64) -> 349.5687 | M64: =M63*(1+F64) -> 726.14435 | N64: =N63*(1+G64) -> 362.29869 | O64: =O63*(1+H64) -> 211.33721 | P64: =B64-D64 -> 0.098868933 | Q64: =B64-E64 -> 0.044342537 | R64: =Table1[[#This Row],[US Small cap (bottom decile)]]-Table1[[#This Row],[S&P 500 (includes dividends)]] -> 0.022688497 | S64: =B64-F64 -> 0.0021968412 | T64: =((I64/100)^(1/(A64-$A$21+1)))-((L64/100)^(1/(A64-$A$21+1))) -> 0.058660637 | U64: ='Inflation Rate'!C69 -> 0.0326633 | V64: =(1+B64)/(1+$U64)-1 -> 0.10608318 | W64: =(1+C64)/(1+$U64)-1 -> 0.12805403 | X64: =(1+D64)/(1+$U64)-1 -> 0.010341483 | Y64: =(1+E64)/(1+$U64)-1 -> 0.063143201 | Z64: =(1+F64)/(1+$U64)-1 -> 0.10395582 | AA64: =(1+G64)/(1+$U64)-1 -> 0.009476157 | AB64: =(1+H64)/(1+$U64)-1 -> 0.13002388 | AC64: =AC63*(1+V64) -> 1687.7906 | AD64: =AD63*(1+W64) -> 9834.9159 | AE64: =AE63*(1+X64) -> 103.36247 | AF64: =AF63*(1+Y64) -> 147.1421 | AG64: =AG63*(1+Z64) -> 305.65209 | AH64: =AH63*(1+AA64) -> 152.50046 | AI64: =AI63*(1+AB64) -> 88.957049 | AJ64: =Table1[[#This Row],[S&P 500 (includes dividends)2]]-Table1[[#This Row],[3-month T. Bill (Real)]] -> 0.095741693 | AK64: =Table1[[#This Row],[S&P 500 (includes dividends)2]]-Table1[[#This Row],[!0-year T.Bonds]] -> 0.042939975
... A117: 2024 | B117: =('S&P 500 & Raw Data'!B100-'S&P 500 & Raw Data'!B99+'S&P 500 & Raw Data'!C100)/'S&P 500 & Raw Data'!B99 -> 0.24878611 | C117: ='Small Cap'!B98 -> 0.0862 | D117: ='T. Bill rates'!C102 -> 0.0497 | E117: ='S&P 500 & Raw Data'!F100 -> -0.016371801 | F117: ='S&P 500 & Raw Data'!J100 -> 0.017363556 | G117: ='Home Prices'!B100/'Home Prices'!B99-1 -> 0.042441001 | H117: ='Gold Prices'!B99/'Gold Prices'!B98-1 -> 0.25957034 | I117: =I116*(1+B117) -> 982817.82 | J117: =J116*(1+C117) -> 4586545.6 | K117: =K116*(1+D117) -> 2360.8169 | L117: =L116*(1+E117) -> 7159.4493 | M117: =M116*(1+F117) -> 50385.148 | N117: =N116*(1+G117) -> 5553.6977 | O117: =O116*(1+H117) -> 12649.467 | P117: =B117-D117 -> 0.19908611 | Q117: =B117-E117 -> 0.26515791 | R117: =Table1[[#This Row],[US Small cap (bottom decile)]]-Table1[[#This Row],[S&P 500 (includes dividends)]] -> -0.16258611 | S117: =B117-F117 -> 0.23142256 | T117: =((I117/100)^(1/(A117-$A$21+1)))-((L117/100)^(1/(A117-$A$21+1))) -> 0.054394707 | U117: ='Inflation Rate'!C122 -> 0.0275 | V117: =(1+B117)/(1+$U117)-1 -> 0.21536361 | W117: =(1+C117)/(1+$U117)-1 -> 0.057128954 | X117: =(1+D117)/(1+$U117)-1 -> 0.021605839 | Y117: =(1+E117)/(1+$U117)-1 -> -0.042697617 | Z117: =(1+F117)/(1+$U117)-1 -> -0.0098651523 | AA117: =(1+G117)/(1+$U117)-1 -> 0.01454112 | AB117: =(1+H117)/(1+$U117)-1 -> 0.22585921 | AC117: =AC116*(1+V117) -> 53945.922 | AD117: =AD116*(1+W117) -> 251751.06 | AE117: =AE116*(1+X117) -> 129.58296 | AF117: =AF116*(1+Y117) -> 392.97527 | AG117: =AG116*(1+Z117) -> 2765.5922 | AH117: =AH116*(1+AA117) -> 304.83711 | AI117: =AI116*(1+AB117) -> 694.31705 | AJ117: =Table1[[#This Row],[S&P 500 (includes dividends)2]]-Table1[[#This Row],[3-month T. Bill (Real)]] -> 0.19375777 | AK117: =Table1[[#This Row],[S&P 500 (includes dividends)2]]-Table1[[#This Row],[!0-year T.Bonds]] -> 0.25806123
A119: Arithmetic Average Historical Return | L119: Equity Risk Premium (Arithmetic) | N119: Standard Error | Q119: Small Cap Premium (Arithmetic) | U119: Arithmetic Average Annual Real Return
A120: 1928-2024 | B120: =AVERAGE(B21:B117) -> 0.11794146 | C120: =AVERAGE(C21:C117) -> 0.17523918 | D120: =AVERAGE(D21:D117) -> 0.033552896 | E120: =AVERAGE(E21:E117) -> 0.047917109 | F120: =AVERAGE(F21:F117) -> 0.068998801 | G120: =AVERAGE(G21:G117) -> 0.044095847 | H120: =AVERAGE(H21:H117) -> 0.067542065 | L120: Stocks - T.Bills | M120: Stocks - T.Bonds | N120: Stocks - T.Bills | O120: Stocks - T.Bonds | Q120: S&P 500 minus Lowest Decile | R120: Standard Error | V120: S&P 500 (includes dividends)2 | W120: =Table1[[#Headers],[US Small cap (bottom decile)22]] -> US Small cap (bottom decile)22 | X120: 3-month T. Bill (Real) | Y120: !0-year T.Bonds | Z120: Baa Corp Bonds | AA120: Real Estate3 | AB120: Gold | AH120: Standard Error
A121: 1975-2024 | B121: =AVERAGE(B68:B117) -> 0.13554135 | C121: =AVERAGE(C68:C117) -> 0.157762 | D121: =AVERAGE(D68:D117) -> 0.043014595 | E121: =AVERAGE(E68:E117) -> 0.065209173 | F121: =AVERAGE(F68:F117) -> 0.089381592 | G121: =AVERAGE(G68:G117) -> 0.054301207 | H121: =AVERAGE(H68:H117) -> 0.075588268 | I121: =(I117/I103)^(1/15-1) -> 0.18742655 | L121: =B120-D120 -> 0.084388563 | M121: =B120-E120 -> 0.070024349 | N121: =STDEV(P21:P117)/(($A$117-$A$21+1)^0.5) -> 0.020106756 | O121: =STDEV(Q21:Q117)/(($A$117-$A$21+1)^0.5) -> 0.021243404 | Q121: =C120-B120 -> 0.057297717 | R121: =STDEV(R21:R117)/(($A$117-$A$21+1)^0.5) -> 0.027722646 | U121: 1928-2024 | V121: =AVERAGE(V21:V117) -> 0.085485479 | W121: =AVERAGE(W21:W117) -> 0.14112707 | X121: =AVERAGE(X21:X117) -> 0.0033924409 | Y121: =AVERAGE(Y21:Y117) -> 0.018030417 | Z121: =AVERAGE(Z21:Z117) -> 0.038531071 | AA121: =AVERAGE(AA21:AA117) -> 0.012791099 | AB121: =AVERAGE(AB21:AB117) -> 0.034768197 | AH121: Stocks - T.Bills | AI121: Stocks - T.Bonds
A122: 2015-2024 | B122: =AVERAGE(B108:B117) -> 0.14113611 | C122: =AVERAGE(C108:C117) -> 0.0666 | D122: =AVERAGE(D108:D117) -> 0.017765959 | E122: =AVERAGE(E108:E117) -> 0.0057260163 | F122: =AVERAGE(F108:F117) -> 0.038098453 | G122: =AVERAGE(G108:G117) -> 0.069775616 | H122: =AVERAGE(H108:H117) -> 0.086991611 | L122: =B121-D121 -> 0.092526752 | M122: =B121-E121 -> 0.070332173 | N122: =STDEV(P68:P117)/(($A$117-$A$68+1)^0.5) -> 0.023018787 | O122: =STDEV(Q68:Q117)/(($A$117-$A$68+1)^0.5) -> 0.02673559 | Q122: =C121-B121 -> 0.022220653 | R122: =STDEV(R68:R117)/(($A$117-$A$68+1)^0.5) -> 0.027815774 | U122: 1975-2024 | V122: =AVERAGE(V68:V117) -> 0.095396183 | W122: =AVERAGE(W68:W117) -> 0.11609606 | X122: =AVERAGE(X68:X117) -> 0.0058596568 | Y122: =AVERAGE(Y68:Y117) -> 0.028370274 | Z122: =AVERAGE(Z68:Z117) -> 0.051587488 | AA122: =AVERAGE(AA68:AA117) -> 0.016765254 | AB122: =AVERAGE(AB68:AB117) -> 0.036006691 | AH122: =STDEV(AJ22:AJ118)/(($A$116-$A$21+1)^0.5) -> 0.019718723 | AI122: =STDEV(AK22:AK118)/(($A$116-$A$21+1)^0.5) -> 0.020777239
L123: =B122-D122 -> 0.12337015 | M123: =B122-E122 -> 0.13541009 | N123: =STDEV(P108:P117)/(($A$117-$A$108+1)^0.5) -> 0.050392894 | O123: =STDEV(Q108:Q117)/(($A$117-$A$108+1)^0.5) -> 0.040102345 | Q123: =C122-B122 -> -0.074536109 | R123: =STDEV(R108:R117)/(($A$117-$A$108+1)^0.5) -> 0.03628532 | U123: 2015-2024 | V123: =AVERAGE(V108:V117) -> 0.1084603 | W123: =AVERAGE(W108:W117) -> 0.036317705 | X123: =AVERAGE(X108:X117) -> -0.011601519 | Y123: =AVERAGE(Y108:Y117) -> -0.022264254 | Z123: =AVERAGE(Z108:Z117) -> 0.0089585262 | AA123: =AVERAGE(AA108:AA117) -> 0.038483228 | AB123: =AVERAGE(AB108:AB117) -> 0.056177077 | AH123: =STDEV(AJ68:AJ118)/(($A$116-$A$67+1)^0.5) -> 0.022299903 | AI123: =STDEV(AK68:AK118)/(($A$116-$A$67+1)^0.5) -> 0.025924895
A124: Geometric Average Historical Return | L124: Equity Risk Premium (Geometric) | Q124: Small Cap Premium (Geometric) | U124: Geometric Average Historical Return | AH124: =STDEV(AJ108:AJ118)/(($A$116-$A$107+1)^0.5) -> 0.048268537 | AI124: =STDEV(AK108:AK118)/(($A$116-$A$107+1)^0.5) -> 0.038358209
A125: 1928-2024 | B125: =(I117/100)^(1/($A$117-$A$21+1))-1 -> 0.099409577 | C125: =(J117/100)^(1/($A$117-$A$21+1))-1 -> 0.11700869 | D125: =(K117/100)^(1/($A$117-$A$21+1))-1 -> 0.033130734 | E125: =(L117/100)^(1/($A$117-$A$21+1))-1 -> 0.04501487 | F125: =(M117/100)^(1/($A$117-$A$21+1))-1 -> 0.066249374 | G125: =(N117/100)^(1/($A$117-$A$21+1))-1 -> 0.042282351 | H125: =(O117/100)^(1/($A$117-$A$21+1))-1 -> 0.051164893 | L125: Stocks - T.Bills | M125: Stocks - T.Bonds | Q125: S&P 500 minus Lowest Decile | U125: 1928-2024 | V125: =(AC117/100)^(1/($A$117-$A$21+1))-1 -> 0.067000252 | W125: =(AD117/100)^(1/($A$117-$A$21+1))-1 -> 0.084080568 | X125: =(AE117/100)^(1/($A$117-$A$21+1))-1 -> 0.0026752333 | Y125: =(AF117/100)^(1/($A$117-$A$21+1))-1 -> 0.014209038 | Z125: =(AG117/100)^(1/($A$117-$A$21+1))-1 -> 0.034817573 | AA125: =(AH117/100)^(1/($A$117-$A$21+1))-1 -> 0.011557071 | AB125: =(AI117/100)^(1/($A$117-$A$21+1))-1 -> 0.020177765
A126: 1975-2024 | B126: =(I117/I67)^(1/($A$117-$A$67))-1 -> 0.1226365 | C126: =(J117/J67)^(1/($A$117-$A$67))-1 -> 0.1292437 | D126: =(K117/K67)^(1/($A$117-$A$67))-1 -> 0.042474958 | E126: =(L117/L67)^(1/($A$117-$A$67))-1 -> 0.060479738 | F126: =(M117/M67)^(1/($A$117-$A$67))-1 -> 0.086198205 | G126: =(N117/N67)^(1/($A$117-$A$67))-1 -> 0.052760766 | H126: =(O117/O67)^(1/($A$117-$A$67))-1 -> 0.054197694 | L126: =B125-D125 -> 0.066278842 | M126: =B125-E125 -> 0.054394707 | Q126: =C125-B125 -> 0.017599118 | U126: 1975-2024 | V126: =(AC117/AC67)^(1/($A$116-$A$66))-1 -> 0.082857458 | W126: =(AD117/AD67)^(1/($A$116-$A$66))-1 -> 0.089230547 | X126: =(AE117/AE67)^(1/($A$116-$A$66))-1 -> 0.0055363293 | Y126: =(AF117/AF67)^(1/($A$116-$A$66))-1 -> 0.022903135 | Z126: =(AG117/AG67)^(1/($A$116-$A$66))-1 -> 0.047710305 | AA126: =(AH117/AH67)^(1/($A$116-$A$66))-1 -> 0.015457674 | AB126: =(AI117/AI67)^(1/($A$116-$A$66))-1 -> 0.016843686
A127: 2015-2024 | B127: =(I117/I107)^(1/($A$117-$A$107))-1 -> 0.12977048 | C127: =(J117/J107)^(1/($A$117-$A$107))-1 -> 0.052108368 | D127: =(K117/K107)^(1/($A$117-$A$107))-1 -> 0.017610103 | E127: =(L117/L107)^(1/($A$117-$A$107))-1 -> 0.0026517006 | F127: =(M117/M107)^(1/($A$117-$A$107))-1 -> 0.034351546 | G127: =(N117/N107)^(1/($A$117-$A$107))-1 -> 0.068943022 | H127: =(O117/O107)^(1/($A$117-$A$107))-1 -> 0.080297725 | L127: =B126-D126 -> 0.080161539 | M127: =B126-E126 -> 0.062156759 | Q127: =C126-B126 -> 0.0066072066 | U127: 2015-2024 | V127: =(AC117/AC107)^(1/($A$116-$A$106))-1 -> 0.096998866 | W127: =(AD117/AD107)^(1/($A$116-$A$106))-1 -> 0.021589527 | X127: =(AE117/AE107)^(1/($A$116-$A$106))-1 -> -0.011908036 | Y127: =(AF117/AF107)^(1/($A$116-$A$106))-1 -> -0.026432535 | Z127: =(AG117/AG107)^(1/($A$116-$A$106))-1 -> 0.0043477823 | AA127: =(AH117/AH107)^(1/($A$116-$A$106))-1 -> 0.037935853 | AB127: =(AI117/AI107)^(1/($A$116-$A$106))-1 -> 0.048961186
L128: =B127-D127 -> 0.11216037 | M128: =B127-E127 -> 0.12711878 | Q128: =C127-B127 -> -0.077662109
A129: Note
A130: * Prior to 1971, gold prices were fixed and with the gold standard in place, and were mostly stable.

Sheet S&P 500 & Raw Data
A2: Year | B2: S&P 500 | C2: Dividends | D2: Dividend Yield | E2: T.Bond rate | F2: Return on bond | G2: Aaa Bond Rate | H2: Return on Aaa | I2: Baa Bond Rate | J2: Return on Baa | K2: Returns on Real Estate
A3: 1927 | B3: 17.66 | C3: =D3*B3 -> 0.6181 | D3: 0.035 | E3: 0.0317 | G3: ='Moody''s Rates'!C20 -> 0.0446 | I3: ='Moody''s Rates'!K20 -> 0.0532
A4: 1928 | B4: 24.35 | C4: =D4*B4 -> 1.04705 | D4: 0.043 | E4: 0.0345 | F4: =((E3*(1-(1+E4)^(-10))/E4+1/(1+E4)^10)-1)+E3 -> 0.0083547086 | G4: ='Moody''s Rates'!C21 -> 0.0461 | H4: =((G3*(1-(1+G4)^(-10))/G4+1/(1+G4)^10)-1)+G3 -> 0.032794856 | I4: ='Moody''s Rates'!K21 -> 0.056 | J4: =((I3*(1-(1+I4)^(-10))/I4+1/(1+I4)^10)-1)+I3 -> 0.032195515 | K4: ='Home Prices (Raw Data)'!C48 -> 0.014910639
A5: 1929 | B5: 21.45 | C5: =D5*B5 -> 0.87945 | D5: 0.041 | E5: 0.0336 | F5: =((E4*(1-(1+E5)^(-10))/E5+1/(1+E5)^10)-1)+E4 -> 0.042038042 | G5: ='Moody''s Rates'!C22 -> 0.0467 | H5: =((G4*(1-(1+G5)^(-10))/G5+1/(1+G5)^10)-1)+G4 -> 0.041391804 | I5: ='Moody''s Rates'!K22 -> 0.0595 | J5: =((I4*(1-(1+I5)^(-10))/I5+1/(1+I5)^10)-1)+I4 -> 0.030178562 | K5: ='Home Prices (Raw Data)'!C49 -> -0.020568075
A6: 1930 | B6: 15.34 | C6: =D6*B6 -> 0.72098 | D6: 0.047 | E6: 0.0322 | F6: =((E5*(1-(1+E6)^(-10))/E6+1/(1+E6)^10)-1)+E5 -> 0.045409314 | G6: ='Moody''s Rates'!C23 -> 0.0452 | H6: =((G5*(1-(1+G6)^(-10))/G6+1/(1+G6)^10)-1)+G5 -> 0.058557414 | I6: ='Moody''s Rates'!K23 -> 0.0671 | J6: =((I5*(1-(1+I6)^(-10))/I6+1/(1+I6)^10)-1)+I5 -> 0.0053978095 | K6: ='Home Prices (Raw Data)'!C50 -> -0.042999993
A7: 1931 | B7: 8.12 | C7: =D7*B7 -> 0.49532 | D7: 0.061 | E7: 0.0393 | F7: =((E6*(1-(1+E7)^(-10))/E7+1/(1+E7)^10)-1)+E6 -> -0.02558856 | G7: ='Moody''s Rates'!C24 -> 0.0532 | H7: =((G6*(1-(1+G7)^(-10))/G7+1/(1+G7)^10)-1)+G6 -> -0.015625061 | I7: ='Moody''s Rates'!K24 -> 0.1042 | J7: =((I6*(1-(1+I7)^(-10))/I7+1/(1+I7)^10)-1)+I6 -> -0.15680775 | K7: ='Home Prices (Raw Data)'!C51 -> -0.081504822
A8: 1932 | B8: 6.92 | C8: =D8*B8 -> 0.49824 | D8: 0.072 | E8: 0.0335 | F8: =((E7*(1-(1+E8)^(-10))/E8+1/(1+E8)^10)-1)+E7 -> 0.08790307 | G8: ='Moody''s Rates'!C25 -> 0.0459 | H8: =((G7*(1-(1+G8)^(-10))/G8+1/(1+G8)^10)-1)+G7 -> 0.11070808 | I8: ='Moody''s Rates'!K25 -> 0.0842 | J8: =((I7*(1-(1+I8)^(-10))/I8+1/(1+I8)^10)-1)+I7 -> 0.23589602 | K8: ='Home Prices (Raw Data)'!C52 -> -0.10466428
A9: 1933 | B9: 9.97 | C9: =D9*B9 -> 0.40877 | D9: 0.041 | E9: 0.0353 | F9: =((E8*(1-(1+E9)^(-10))/E9+1/(1+E9)^10)-1)+E8 -> 0.018552721 | G9: ='Moody''s Rates'!C26 -> 0.045 | H9: =((G8*(1-(1+G9)^(-10))/G9+1/(1+G9)^10)-1)+G8 -> 0.053021446 | I9: ='Moody''s Rates'!K26 -> 0.0775 | J9: =((I8*(1-(1+I9)^(-10))/I9+1/(1+I9)^10)-1)+I8 -> 0.12966894 | K9: ='Home Prices (Raw Data)'!C53 -> -0.03811948
A10: 1934 | B10: 9.5 | C10: =D10*B10 -> 0.3515 | D10: 0.037 | E10: 0.0301 | F10: =((E9*(1-(1+E10)^(-10))/E10+1/(1+E10)^10)-1)+E9 -> 0.079634426 | G10: ='Moody''s Rates'!C27 -> 0.0381 | H10: =((G9*(1-(1+G10)^(-10))/G10+1/(1+G10)^10)-1)+G9 -> 0.1014983 | I10: ='Moody''s Rates'!K27 -> 0.0623 | J10: =((I9*(1-(1+I10)^(-10))/I10+1/(1+I10)^10)-1)+I9 -> 0.18816429 | K10: ='Home Prices (Raw Data)'!C54 -> 0.029062073
A11: 1935 | B11: 13.43 | C11: =D11*B11 -> 0.51034 | D11: 0.038 | E11: 0.0284 | F11: =((E10*(1-(1+E11)^(-10))/E11+1/(1+E11)^10)-1)+E10 -> 0.044720477 | G11: ='Moody''s Rates'!C28 -> 0.0344 | H11: =((G10*(1-(1+G11)^(-10))/G11+1/(1+G11)^10)-1)+G10 -> 0.068964709 | I11: ='Moody''s Rates'!K28 -> 0.053 | J11: =((I10*(1-(1+I11)^(-10))/I11+1/(1+I11)^10)-1)+I10 -> 0.13307732 | K11: ='Home Prices (Raw Data)'!C55 -> 0.097658281
A12: 1936 | B12: 17.18 | C12: 0.54 | D12: =C12/B12 -> 0.031431898 | E12: 0.0259 | F12: =((E11*(1-(1+E12)^(-10))/E12+1/(1+E12)^10)-1)+E11 -> 0.050178754 | G12: ='Moody''s Rates'!C29 -> 0.031 | H12: =((G11*(1-(1+G12)^(-10))/G12+1/(1+G12)^10)-1)+G11 -> 0.063255237 | I12: ='Moody''s Rates'!K29 -> 0.0453 | J12: =((I11*(1-(1+I12)^(-10))/I12+1/(1+I12)^10)-1)+I11 -> 0.11383816 | K12: ='Home Prices (Raw Data)'!C56 -> 0.032186067
A13: 1937 | B13: 10.55 | C13: =D13*B13 -> 0.55915 | D13: 0.053 | E13: 0.0273 | F13: =((E12*(1-(1+E13)^(-10))/E13+1/(1+E13)^10)-1)+E12 -> 0.013791461 | G13: ='Moody''s Rates'!C30 -> 0.0321 | H13: =((G12*(1-(1+G13)^(-10))/G13+1/(1+G13)^10)-1)+G12 -> 0.021716542 | I13: ='Moody''s Rates'!K30 -> 0.0573 | J13: =((I12*(1-(1+I13)^(-10))/I13+1/(1+I13)^10)-1)+I12 -> -0.044161917 | K13: ='Home Prices (Raw Data)'!C57 -> 0.025633982
A14: 1938 | B14: 13.14 | C14: =D14*B14 -> 0.49932 | D14: 0.038 | E14: 0.0256 | F14: =((E13*(1-(1+E14)^(-10))/E14+1/(1+E14)^10)-1)+E13 -> 0.042132485 | G14: ='Moody''s Rates'!C31 -> 0.0308 | H14: =((G13*(1-(1+G14)^(-10))/G14+1/(1+G14)^10)-1)+G13 -> 0.043144127 | I14: ='Moody''s Rates'!K31 -> 0.0527 | J14: =((I13*(1-(1+I14)^(-10))/I14+1/(1+I14)^10)-1)+I13 -> 0.092358817 | K14: ='Home Prices (Raw Data)'!C58 -> -0.0087369579
A15: 1939 | B15: 12.46 | C15: =D15*B15 -> 0.53578 | D15: 0.043 | E15: 0.0235 | F15: =((E14*(1-(1+E15)^(-10))/E15+1/(1+E15)^10)-1)+E14 -> 0.044122614 | G15: ='Moody''s Rates'!C32 -> 0.0294 | H15: =((G14*(1-(1+G15)^(-10))/G15+1/(1+G15)^10)-1)+G14 -> 0.042778935 | I15: ='Moody''s Rates'!K32 -> 0.0492 | J15: =((I14*(1-(1+I15)^(-10))/I15+1/(1+I15)^10)-1)+I14 -> 0.079831378 | K15: ='Home Prices (Raw Data)'!C59 -> -0.013016039
A16: 1940 | B16: 10.58 | C16: =D16*B16 -> 0.55016 | D16: 0.052 | E16: 0.0201 | F16: =((E15*(1-(1+E16)^(-10))/E16+1/(1+E16)^10)-1)+E15 -> 0.054024816 | G16: ='Moody''s Rates'!C33 -> 0.0271 | H16: =((G15*(1-(1+G16)^(-10))/G16+1/(1+G16)^10)-1)+G15 -> 0.049313057 | I16: ='Moody''s Rates'!K33 -> 0.0445 | J16: =((I15*(1-(1+I16)^(-10))/I16+1/(1+I16)^10)-1)+I15 -> 0.086481372 | K16: ='Home Prices (Raw Data)'!C60 -> 0.033066027
A17: 1941 | B17: 8.69 | C17: =D17*B17 -> 0.53878 | D17: 0.062 | E17: 0.0247 | F17: =((E16*(1-(1+E17)^(-10))/E17+1/(1+E17)^10)-1)+E16 -> -0.020221976 | G17: ='Moody''s Rates'!C34 -> 0.028 | H17: =((G16*(1-(1+G17)^(-10))/G17+1/(1+G17)^10)-1)+G16 -> 0.019343859 | I17: ='Moody''s Rates'!K34 -> 0.0438 | J17: =((I16*(1-(1+I17)^(-10))/I17+1/(1+I17)^10)-1)+I16 -> 0.050071729 | K17: ='Home Prices (Raw Data)'!C61 -> -0.08384617
A18: 1942 | B18: 9.77 | C18: =D18*B18 -> 0.5862 | D18: 0.06 | E18: 0.0249 | F18: =((E17*(1-(1+E18)^(-10))/E18+1/(1+E18)^10)-1)+E17 -> 0.022948682 | G18: ='Moody''s Rates'!C35 -> 0.0281 | H18: =((G17*(1-(1+G18)^(-10))/G18+1/(1+G18)^10)-1)+G17 -> 0.027138648 | I18: ='Moody''s Rates'!K35 -> 0.0428 | J18: =((I17*(1-(1+I18)^(-10))/I18+1/(1+I18)^10)-1)+I17 -> 0.05179901 | K18: ='Home Prices (Raw Data)'!C62 -> 0.033330352
A19: 1943 | B19: 11.67 | C19: =D19*B19 -> 0.54849 | D19: 0.047 | E19: 0.0249 | F19: =((E18*(1-(1+E19)^(-10))/E19+1/(1+E19)^10)-1)+E18 -> 0.0249 | G19: ='Moody''s Rates'!C36 -> 0.0274 | H19: =((G18*(1-(1+G19)^(-10))/G19+1/(1+G19)^10)-1)+G18 -> 0.03415116 | I19: ='Moody''s Rates'!K36 -> 0.0382 | J19: =((I18*(1-(1+I19)^(-10))/I19+1/(1+I19)^10)-1)+I18 -> 0.080446701 | K19: ='Home Prices (Raw Data)'!C63 -> 0.1144627
A20: 1944 | B20: 13.28 | C20: =D20*B20 -> 0.61088 | D20: 0.046 | E20: 0.0248 | F20: =((E19*(1-(1+E20)^(-10))/E20+1/(1+E20)^10)-1)+E19 -> 0.025776112 | G20: ='Moody''s Rates'!C37 -> 0.027 | H20: =((G19*(1-(1+G20)^(-10))/G20+1/(1+G20)^10)-1)+G19 -> 0.030864921 | I20: ='Moody''s Rates'!K37 -> 0.0349 | J20: =((I19*(1-(1+I20)^(-10))/I20+1/(1+I20)^10)-1)+I19 -> 0.065658636 | K20: ='Home Prices (Raw Data)'!C64 -> 0.16584229
A21: 1945 | B21: 17.36 | C21: =D21*B21 -> 0.67704 | D21: 0.039 | E21: 0.0233 | F21: =((E20*(1-(1+E21)^(-10))/E21+1/(1+E21)^10)-1)+E20 -> 0.038044173 | G21: ='Moody''s Rates'!C38 -> 0.0261 | H21: =((G20*(1-(1+G21)^(-10))/G21+1/(1+G21)^10)-1)+G20 -> 0.034832273 | I21: ='Moody''s Rates'!K38 -> 0.031 | J21: =((I20*(1-(1+I21)^(-10))/I21+1/(1+I21)^10)-1)+I20 -> 0.067998655 | K21: ='Home Prices (Raw Data)'!C65 -> 0.11777376
A22: 1946 | B22: 15.3 | C22: =D22*B22 -> 0.5967 | D22: 0.039 | E22: 0.0224 | F22: =((E21*(1-(1+E22)^(-10))/E22+1/(1+E22)^10)-1)+E21 -> 0.031283745 | G22: ='Moody''s Rates'!C39 -> 0.0261 | H22: =((G21*(1-(1+G22)^(-10))/G22+1/(1+G22)^10)-1)+G21 -> 0.0261 | I22: ='Moody''s Rates'!K39 -> 0.0317 | J22: =((I21*(1-(1+I22)^(-10))/I22+1/(1+I22)^10)-1)+I21 -> 0.02508033 | K22: ='Home Prices (Raw Data)'!C66 -> 0.24101672
A23: 1947 | B23: 15.3 | C23: =D23*B23 -> 0.7956 | D23: 0.052 | E23: 0.0239 | F23: =((E22*(1-(1+E23)^(-10))/E23+1/(1+E23)^10)-1)+E22 -> 0.0091969681 | G23: ='Moody''s Rates'!C40 -> 0.0286 | H23: =((G22*(1-(1+G23)^(-10))/G23+1/(1+G23)^10)-1)+G22 -> 0.0046213142 | I23: ='Moody''s Rates'!K40 -> 0.0352 | J23: =((I22*(1-(1+I23)^(-10))/I23+1/(1+I23)^10)-1)+I22 -> 0.0026212023 | K23: ='Home Prices (Raw Data)'!C67 -> 0.21263835
A24: 1948 | B24: 15.2 | C24: =D24*B24 -> 0.9728 | D24: 0.064 | E24: 0.0244 | F24: =((E23*(1-(1+E24)^(-10))/E24+1/(1+E24)^10)-1)+E23 -> 0.019510369 | G24: ='Moody''s Rates'!C41 -> 0.0279 | H24: =((G23*(1-(1+G24)^(-10))/G24+1/(1+G24)^10)-1)+G23 -> 0.034635649 | I24: ='Moody''s Rates'!K41 -> 0.0353 | J24: =((I23*(1-(1+I24)^(-10))/I24+1/(1+I24)^10)-1)+I23 -> 0.034369596 | K24: ='Home Prices (Raw Data)'!C68 -> 0.020585429
... A35: 1959 | B35: 59.89 | C35: =D35*B35 -> 1.97637 | D35: 0.033 | E35: 0.0469 | F35: =((E34*(1-(1+E35)^(-10))/E35+1/(1+E35)^10)-1)+E34 -> -0.026466313 | G35: ='Moody''s Rates'!C52 -> 0.0458 | H35: =((G34*(1-(1+G35)^(-10))/G35+1/(1+G35)^10)-1)+G34 -> 0.0013915704 | I35: ='Moody''s Rates'!K52 -> 0.0528 | J35: =((I34*(1-(1+I35)^(-10))/I35+1/(1+I35)^10)-1)+I34 -> 0.015743431 | K35: ='Home Prices (Raw Data)'!C79 -> 0.0010951056
A36: 1960 | B36: 58.11 | C36: 1.981551 | D36: =C36/B36 -> 0.0341 | E36: 0.0384 | F36: =((E35*(1-(1+E36)^(-10))/E36+1/(1+E36)^10)-1)+E35 -> 0.11639504 | G36: ='Moody''s Rates'!C53 -> 0.0435 | H36: =((G35*(1-(1+G36)^(-10))/G36+1/(1+G36)^10)-1)+G35 -> 0.064134222 | I36: ='Moody''s Rates'!K53 -> 0.051 | J36: =((I35*(1-(1+I36)^(-10))/I36+1/(1+I36)^10)-1)+I35 -> 0.066631872 | K36: ='Home Prices (Raw Data)'!C80 -> 0.0076586744
A37: 1961 | B37: 71.55 | C37: 2.039175 | D37: =C37/B37 -> 0.0285 | E37: 0.0406 | F37: =((E36*(1-(1+E37)^(-10))/E37+1/(1+E37)^10)-1)+E36 -> 0.020609208 | G37: ='Moody''s Rates'!C54 -> 0.0442 | H37: =((G36*(1-(1+G37)^(-10))/G37+1/(1+G37)^10)-1)+G36 -> 0.037939246 | I37: ='Moody''s Rates'!K54 -> 0.051 | J37: =((I36*(1-(1+I37)^(-10))/I37+1/(1+I37)^10)-1)+I36 -> 0.051 | K37: ='Home Prices (Raw Data)'!C81 -> 0.0097716517
A38: 1962 | B38: 63.1 | C38: 2.1454 | D38: =C38/B38 -> 0.034 | E38: 0.0386 | F38: =((E37*(1-(1+E38)^(-10))/E38+1/(1+E38)^10)-1)+E37 -> 0.056935441 | G38: ='Moody''s Rates'!C55 -> 0.0424 | H38: =((G37*(1-(1+G38)^(-10))/G38+1/(1+G38)^10)-1)+G37 -> 0.058626733 | I38: ='Moody''s Rates'!K55 -> 0.0492 | J38: =((I37*(1-(1+I38)^(-10))/I38+1/(1+I38)^10)-1)+I37 -> 0.06495328 | K38: ='Home Prices (Raw Data)'!C82 -> 0.0032259133
A39: 1963 | B39: 75.02 | C39: 2.348126 | D39: =C39/B39 -> 0.0313 | E39: 0.0413 | F39: =((E38*(1-(1+E39)^(-10))/E39+1/(1+E39)^10)-1)+E38 -> 0.016841621 | G39: ='Moody''s Rates'!C56 -> 0.0435 | H39: =((G38*(1-(1+G39)^(-10))/G39+1/(1+G39)^10)-1)+G38 -> 0.033631459 | I39: ='Moody''s Rates'!K56 -> 0.0485 | J39: =((I38*(1-(1+I39)^(-10))/I39+1/(1+I39)^10)-1)+I38 -> 0.054644806 | K39: ='Home Prices (Raw Data)'!C83 -> 0.021436503
A40: 1964 | B40: 84.75 | C40: 2.584875 | D40: =C40/B40 -> 0.0305 | E40: 0.0418 | F40: =((E39*(1-(1+E40)^(-10))/E40+1/(1+E40)^10)-1)+E39 -> 0.037280649 | G40: ='Moody''s Rates'!C57 -> 0.0444 | H40: =((G39*(1-(1+G40)^(-10))/G40+1/(1+G40)^10)-1)+G39 -> 0.036357498 | I40: ='Moody''s Rates'!K57 -> 0.0481 | J40: =((I39*(1-(1+I40)^(-10))/I40+1/(1+I40)^10)-1)+I39 -> 0.051617393 | K40: ='Home Prices (Raw Data)'!C84 -> 0.012591594
A41: 1965 | B41: 92.43 | C41: 2.828358 | D41: =C41/B41 -> 0.0306 | E41: 0.0462 | F41: =((E40*(1-(1+E41)^(-10))/E41+1/(1+E41)^10)-1)+E40 -> 0.0071885509 | G41: ='Moody''s Rates'!C58 -> 0.0468 | H41: =((G40*(1-(1+G41)^(-10))/G41+1/(1+G41)^10)-1)+G40 -> 0.025576434 | I41: ='Moody''s Rates'!K58 -> 0.0502 | J41: =((I40*(1-(1+I41)^(-10))/I41+1/(1+I41)^10)-1)+I40 -> 0.031900095 | K41: ='Home Prices (Raw Data)'!C85 -> 0.016580023
A42: 1966 | B42: 80.33 | C42: 2.883847 | D42: =C42/B42 -> 0.0359 | E42: 0.0484 | F42: =((E41*(1-(1+E42)^(-10))/E42+1/(1+E42)^10)-1)+E41 -> 0.029079409 | G42: ='Moody''s Rates'!C59 -> 0.0539 | H42: =((G41*(1-(1+G42)^(-10))/G42+1/(1+G42)^10)-1)+G41 -> -0.0070006458 | I42: ='Moody''s Rates'!K59 -> 0.0618 | J42: =((I41*(1-(1+I42)^(-10))/I42+1/(1+I42)^10)-1)+I41 -> -0.034453616 | K42: ='Home Prices (Raw Data)'!C86 -> 0.012232822
A43: 1967 | B43: 96.47 | C43: 2.980923 | D43: =C43/B43 -> 0.0309 | E43: 0.057 | F43: =((E42*(1-(1+E43)^(-10))/E43+1/(1+E43)^10)-1)+E42 -> -0.01580621 | G43: ='Moody''s Rates'!C60 -> 0.0619 | H43: =((G42*(1-(1+G43)^(-10))/G43+1/(1+G43)^10)-1)+G42 -> -0.0044542767 | I43: ='Moody''s Rates'!K60 -> 0.0693 | J43: =((I42*(1-(1+I43)^(-10))/I43+1/(1+I43)^10)-1)+I42 -> 0.0089522661 | K43: ='Home Prices (Raw Data)'!C87 -> 0.023161882
A44: 1968 | B44: 103.86 | C44: 3.043098 | D44: =C44/B44 -> 0.0293 | E44: 0.0603 | F44: =((E43*(1-(1+E44)^(-10))/E44+1/(1+E44)^10)-1)+E43 -> 0.032746197 | G44: ='Moody''s Rates'!C61 -> 0.0645 | H44: =((G43*(1-(1+G44)^(-10))/G44+1/(1+G44)^10)-1)+G43 -> 0.043165229 | I44: ='Moody''s Rates'!K61 -> 0.0723 | J44: =((I43*(1-(1+I44)^(-10))/I44+1/(1+I44)^10)-1)+I43 -> 0.048451462 | K44: ='Home Prices (Raw Data)'!C88 -> 0.041338762
A45: 1969 | B45: 92.06 | C45: 3.240512 | D45: =C45/B45 -> 0.0352 | E45: 0.0765 | F45: =((E44*(1-(1+E45)^(-10))/E45+1/(1+E45)^10)-1)+E44 -> -0.050140493 | G45: ='Moody''s Rates'!C62 -> 0.0772 | H45: =((G44*(1-(1+G45)^(-10))/G45+1/(1+G45)^10)-1)+G44 -> -0.021804851 | I45: ='Moody''s Rates'!K62 -> 0.0865 | J45: =((I44*(1-(1+I45)^(-10))/I45+1/(1+I45)^10)-1)+I44 -> -0.020251643 | K45: ='Home Prices (Raw Data)'!C89 -> 0.069943499
A46: 1970 | B46: 92.15 | C46: 3.18839 | D46: =C46/B46 -> 0.0346 | E46: 0.0639 | F46: =((E45*(1-(1+E46)^(-10))/E46+1/(1+E46)^10)-1)+E45 -> 0.16754737 | G46: ='Moody''s Rates'!C63 -> 0.0764 | H46: =((G45*(1-(1+G46)^(-10))/G46+1/(1+G46)^10)-1)+G45 -> 0.082656334 | I46: ='Moody''s Rates'!K63 -> 0.0912 | J46: =((I45*(1-(1+I46)^(-10))/I46+1/(1+I46)^10)-1)+I45 -> 0.056495677 | K46: ='Home Prices (Raw Data)'!C90 -> 0.082154964
A47: 1971 | B47: 102.09 | C47: 3.16479 | D47: =C47/B47 -> 0.031 | E47: 0.0593 | F47: =((E46*(1-(1+E47)^(-10))/E47+1/(1+E47)^10)-1)+E46 -> 0.097868966 | G47: ='Moody''s Rates'!C64 -> 0.0725 | H47: =((G46*(1-(1+G47)^(-10))/G47+1/(1+G47)^10)-1)+G46 -> 0.1034782 | I47: ='Moody''s Rates'!K64 -> 0.0838 | J47: =((I46*(1-(1+I47)^(-10))/I47+1/(1+I47)^10)-1)+I46 -> 0.14001466 | K47: ='Home Prices (Raw Data)'!C91 -> 0.042449238
... A92: 2016 | B92: 2238.83 | C92: 45.7 | D92: =C92/B92 -> 0.020412448 | E92: 0.0245 | F92: =((E91*(1-(1+E92)^(-10))/E92+1/(1+E92)^10)-1)+E91 -> 0.0069055047 | G92: ='Moody''s Rates'!C109 -> 0.0398 | H92: =((G91*(1-(1+G92)^(-10))/G92+1/(1+G92)^10)-1)+G91 -> 0.045271386 | I92: ='Moody''s Rates'!K109 -> 0.0473 | J92: =((I91*(1-(1+I92)^(-10))/I92+1/(1+I92)^10)-1)+I91 -> 0.11524474 | K92: ='Home Prices (Raw Data)'!C136 -> 0.053044536
A93: 2017 | B93: 2673.61 | C93: 48.93 | D93: =C93/B93 -> 0.018301099 | E93: 0.0241 | F93: ='T. Bond yield & return'!C98 -> 0.028017163 | G93: ='Moody''s Rates'!C110 -> 0.0345 | H93: =((G92*(1-(1+G93)^(-10))/G93+1/(1+G93)^10)-1)+G92 -> 0.083989302 | I93: ='Moody''s Rates'!K110 -> 0.0417 | J93: =((I92*(1-(1+I93)^(-10))/I93+1/(1+I93)^10)-1)+I92 -> 0.092339051 | K93: ='Home Prices (Raw Data)'!C137 -> 0.062069564
A94: 2018 | B94: 2506.85 | C94: 53.75 | D94: =C94/B94 -> 0.021441251 | E94: ='T. Bond yield & return'!B99 -> 0.0269 | F94: ='T. Bond yield & return'!C99 -> -0.00016692386 | G94: ='Moody''s Rates'!C111 -> 0.0399 | H94: =((G93*(1-(1+G94)^(-10))/G94+1/(1+G94)^10)-1)+G93 -> -0.009320649 | I94: ='Moody''s Rates'!K111 -> 0.0514 | J94: =((I93*(1-(1+I94)^(-10))/I94+1/(1+I94)^10)-1)+I93 -> -0.032694197 | K94: ='Home Prices (Raw Data)'!C138 -> 0.045192288
A95: 2019 | B95: 3230.78 | C95: 58.5 | D95: =C95/B95 -> 0.018107083 | E95: 0.0192 | F95: ='T. Bond yield & return'!C100 -> 0.096356307 | G95: ='Moody''s Rates'!C112 -> 0.0304 | H95: =((G94*(1-(1+G95)^(-10))/G95+1/(1+G95)^10)-1)+G94 -> 0.12077175 | I95: ='Moody''s Rates'!K112 -> 0.039 | J95: =((I94*(1-(1+I95)^(-10))/I95+1/(1+I95)^10)-1)+I94 -> 0.15247766 | K95: ='Home Prices (Raw Data)'!C139 -> 0.036858278
A96: 2020 | B96: 3756.07 | C96: 57 | D96: =C96/B96 -> 0.015175436 | E96: 0.0093 | F96: ='T. Bond yield & return'!C101 -> 0.11331898 | G96: ='Moody''s Rates'!C113 -> 0.0223 | H96: =((G95*(1-(1+G96)^(-10))/G96+1/(1+G96)^10)-1)+G95 -> 0.10229109 | I96: ='Moody''s Rates'!K113 -> 0.0311 | J96: =((I95*(1-(1+I96)^(-10))/I96+1/(1+I96)^10)-1)+I95 -> 0.10601187 | K96: ='Home Prices (Raw Data)'!C140 -> 0.10432136
A97: 2021 | B97: 4766.18 | C97: 59.2 | D97: =C97/B97 -> 0.012420849 | E97: 0.0151 | F97: ='T. Bond yield & return'!C102 -> -0.044160344 | G97: ='Moody''s Rates'!C114 -> 0.0271 | H97: =((G96*(1-(1+G97)^(-10))/G97+1/(1+G97)^10)-1)+G96 -> -0.019257684 | I97: ='Moody''s Rates'!K114 -> 0.0337 | J97: =((I96*(1-(1+I97)^(-10))/I97+1/(1+I97)^10)-1)+I96 -> 0.0093344457 | K97: ='Home Prices (Raw Data)'!C141 -> 0.18874952
A98: 2022 | B98: 3839.5 | C98: 66.98 | D98: =C98/B98 -> 0.01744498 | E98: 0.0388 | F98: ='T. Bond yield & return'!C103 -> -0.17828172 | G98: ='Moody''s Rates'!C115 -> 0.047 | H98: =((G97*(1-(1+G98)^(-10))/G98+1/(1+G98)^10)-1)+G97 -> -0.12882605 | I98: ='Moody''s Rates'!K115 -> 0.0587 | J98: =((I97*(1-(1+I98)^(-10))/I98+1/(1+I98)^10)-1)+I97 -> -0.15144079 | K98: ='Home Prices (Raw Data)'!C142 -> 0.056677111
A99: 2023 | B99: 4769.8 | C99: 70.3 | D99: =C99/B99 -> 0.014738563 | E99: 0.0388 | F99: ='T. Bond yield & return'!C104 -> 0.0388 | G99: ='Moody''s Rates'!C116 -> 0.0465 | H99: =((G98*(1-(1+G99)^(-10))/G99+1/(1+G99)^10)-1)+G98 -> 0.050927341 | I99: ='Moody''s Rates'!K116 -> 0.0549 | J99: =((I98*(1-(1+I99)^(-10))/I99+1/(1+I99)^10)-1)+I98 -> 0.087356722 | K99: ='Home Prices (Raw Data)'!C143 -> 0.056371275
A100: 2024 | B100: 5881.63 | C100: 74.83 | D100: =C100/B100 -> 0.012722664 | E100: 0.0458 | F100: ='T. Bond yield & return'!C105 -> -0.016371801 | G100: ='Moody''s Rates'!C117 -> 0.054 | H100: =((G99*(1-(1+G100)^(-10))/G100+1/(1+G100)^10)-1)+G99 -> -0.010304344 | I100: ='Moody''s Rates'!K117 -> 0.06 | J100: =((I99*(1-(1+I100)^(-10))/I100+1/(1+I100)^10)-1)+I99 -> 0.017363556 | K100: ='Home Prices (Raw Data)'!C144 -> 0.042441001 | O100: =6700/B86-1 -> 4.3274387

Sheet Small Cap
A1: Year | B1: Return
A2: 1928 | B2: =C2/100 -> 0.5991 | C2: 59.91
A3: =A2+1 -> 1929 | B3: =C3/100 -> -0.4661 | C3: -46.61
A4: =A3+1 -> 1930 | B4: =C4/100 -> -0.5003 | C4: -50.03
A5: =A4+1 -> 1931 | B5: =C5/100 -> -0.4466 | C5: -44.66
A6: =A5+1 -> 1932 | B6: =C6/100 -> 0.2049 | C6: 20.49
A7: =A6+1 -> 1933 | B7: =C7/100 -> 1.4834 | C7: 148.34
A8: =A7+1 -> 1934 | B8: =C8/100 -> 0.2001 | C8: 20.01
A9: =A8+1 -> 1935 | B9: =C9/100 -> 0.5318 | C9: 53.18
A10: =A9+1 -> 1936 | B10: =C10/100 -> 0.9282 | C10: 92.82
A11: =A10+1 -> 1937 | B11: =C11/100 -> -0.5328 | C11: -53.28
A12: =A11+1 -> 1938 | B12: =C12/100 -> 0.016 | C12: 1.6
A13: =A12+1 -> 1939 | B13: =C13/100 -> -0.0573 | C13: -5.73
A14: =A13+1 -> 1940 | B14: =C14/100 -> -0.3181 | C14: -31.81
... A97: =A96+1 -> 2023 | B97: =C97/100 -> 0.0517 | C97: 5.17
A98: 2024 | B98: =C98/100 -> 0.0862 | C98: 8.62

Sheet T. Bond yield & return
A1: Bond used: | B1: US treasury 10-year bond at end of each year
A2: Source: | B2: Federal Reserve of St. Louis (FRED)
A3: Computation | B3: To compute the return on a constant maturity bond, I add two components - the promised coupon at the start of the year and the price change due to interest rate changes.
B4: The return on the 10-year bond for 1928 = 3.17% (Coupon rate promised at the end of 1927) - Price change on a bond with a coupon rate of 3.17%, when the interest rate goes to 3.45%.
A7: Year | B7: T.Bond rate | C7: Return on bond
A8: 1927 | B8: 0.0317
A9: 1928 | B9: 0.0345 | C9: =((B8*(1-(1+B9)^(-10))/B9+1/(1+B9)^10)-1)+B8 -> 0.0083547086
A10: 1929 | B10: 0.0336 | C10: =((B9*(1-(1+B10)^(-10))/B10+1/(1+B10)^10)-1)+B9 -> 0.042038042
A11: 1930 | B11: 0.0322 | C11: =((B10*(1-(1+B11)^(-10))/B11+1/(1+B11)^10)-1)+B10 -> 0.045409314
A12: 1931 | B12: 0.0393 | C12: =((B11*(1-(1+B12)^(-10))/B12+1/(1+B12)^10)-1)+B11 -> -0.02558856
A13: 1932 | B13: 0.0335 | C13: =((B12*(1-(1+B13)^(-10))/B13+1/(1+B13)^10)-1)+B12 -> 0.08790307
A14: 1933 | B14: 0.0353 | C14: =((B13*(1-(1+B14)^(-10))/B14+1/(1+B14)^10)-1)+B13 -> 0.018552721
A15: 1934 | B15: 0.0301 | C15: =((B14*(1-(1+B15)^(-10))/B15+1/(1+B15)^10)-1)+B14 -> 0.079634426
A16: 1935 | B16: 0.0284 | C16: =((B15*(1-(1+B16)^(-10))/B16+1/(1+B16)^10)-1)+B15 -> 0.044720477
A17: 1936 | B17: 0.0259 | C17: =((B16*(1-(1+B17)^(-10))/B17+1/(1+B17)^10)-1)+B16 -> 0.050178754
A18: 1937 | B18: 0.0273 | C18: =((B17*(1-(1+B18)^(-10))/B18+1/(1+B18)^10)-1)+B17 -> 0.013791461
A19: 1938 | B19: 0.0256 | C19: =((B18*(1-(1+B19)^(-10))/B19+1/(1+B19)^10)-1)+B18 -> 0.042132485
A20: 1939 | B20: 0.0235 | C20: =((B19*(1-(1+B20)^(-10))/B20+1/(1+B20)^10)-1)+B19 -> 0.044122614
... A89: 2008 | B89: 0.0221 | C89: =((B88*(1-(1+B89)^(-10))/B89+1/(1+B89)^10)-1)+B88 -> 0.2010128
A90: 2009 | B90: ='S&P 500 & Raw Data'!E85 -> 0.0384 | C90: =((B89*(1-(1+B90)^(-10))/B90+1/(1+B90)^10)-1)+B89 -> -0.11116695
A91: 2010 | B91: ='S&P 500 & Raw Data'!E86 -> 0.0329 | C91: =((B90*(1-(1+B91)^(-10))/B91+1/(1+B91)^10)-1)+B90 -> 0.084629339
A92: 2011 | B92: 0.0188 | C92: =((B91*(1-(1+B92)^(-10))/B92+1/(1+B92)^10)-1)+B91 -> 0.16035335
A93: 2012 | B93: 0.0176 | C93: =((B92*(1-(1+B93)^(-10))/B93+1/(1+B93)^10)-1)+B92 -> 0.02971572
A94: 2013 | B94: 0.03036 | C94: =((B93*(1-(1+B94)^(-10))/B94+1/(1+B94)^10)-1)+B93 -> -0.091045688
A95: 2014 | B95: 0.0217 | C95: =((B94*(1-(1+B95)^(-10))/B95+1/(1+B95)^10)-1)+B94 -> 0.1074618
A96: 2015 | B96: 0.0227 | C96: =((B95*(1-(1+B96)^(-10))/B96+1/(1+B96)^10)-1)+B95 -> 0.012842997
A97: 2016 | B97: 0.0245 | C97: =((B96*(1-(1+B97)^(-10))/B97+1/(1+B97)^10)-1)+B96 -> 0.0069055047
A98: 2017 | B98: 0.0241 | C98: =((B97*(1-(1+B98)^(-10))/B98+1/(1+B98)^10)-1)+B97 -> 0.028017163
A99: 2018 | B99: 0.0269 | C99: =((B98*(1-(1+B99)^(-10))/B99+1/(1+B99)^10)-1)+B98 -> -0.00016692386
A100: 2019 | B100: 0.0192 | C100: =((B99*(1-(1+B100)^(-10))/B100+1/(1+B100)^10)-1)+B99 -> 0.096356307
A101: 2020 | B101: 0.0093 | C101: =((B100*(1-(1+B101)^(-10))/B101+1/(1+B101)^10)-1)+B100 -> 0.11331898
A102: 2021 | B102: 0.0151 | C102: =((B101*(1-(1+B102)^(-10))/B102+1/(1+B102)^10)-1)+B101 -> -0.044160344
A103: 2022 | B103: 0.0388 | C103: =((B102*(1-(1+B103)^(-10))/B103+1/(1+B103)^10)-1)+B102 -> -0.17828172
... A105: 2024 | B105: 0.0458 | C105: =((B104*(1-(1+B105)^(-10))/B105+1/(1+B105)^10)-1)+B104 -> -0.016371801

Sheet T. Bill rates
A1: FRED Graph Observations
A2: Federal Reserve Economic Data
A3: Link: https://fred.stlouisfed.org
A4: Help: https://fredhelp.stlouisfed.org
A5: Economic Research Division
A6: Federal Reserve Bank of St. Louis
A8: DTB3 | B8: 3-Month Treasury Bill Secondary Market Rate, Discount Basis, Percent, Annual, Not Seasonally Adjusted
A10: Frequency: Annual | B10: Average for the year
A11: observation_date | B11: TB3MS
A12: 10958 | B12: 0.27833333 | C12: =B12/100 -> 0.0027833333
A13: 11323 | B13: 0.1675 | C13: =B13/100 -> 0.001675
A14: 11688 | B14: 0.1725 | C14: =B14/100 -> 0.001725
A15: 12054 | B15: 0.27583333 | C15: =B15/100 -> 0.0027583333
A16: 12419 | B16: 0.065 | C16: =B16/100 -> 0.00065
A17: 12784 | B17: 0.045833333 | C17: =B17/100 -> 0.00045833333
A18: 13149 | B18: 0.035833333 | C18: =B18/100 -> 0.00035833333
A19: 13515 | B19: 0.12916667 | C19: =B19/100 -> 0.0012916667
A20: 13880 | B20: 0.3425 | C20: =B20/100 -> 0.003425
A21: 14245 | B21: 0.38 | C21: =B21/100 -> 0.0038
A22: 14610 | B22: 0.38 | C22: =B22/100 -> 0.0038
A23: 14976 | B23: 0.38 | C23: =B23/100 -> 0.0038
... A102: 43830 | B102: 4.97 | C102: =B102/100 -> 0.0497

Sheet Inflation Rate
A1: FRED Graph Observations
A2: Federal Reserve Economic Data
A3: Link: https://fred.stlouisfed.org
A4: Help: https://fred.stlouisfed.org/help-faq
A5: Economic Research Division
A6: Federal Reserve Bank of St. Louis
A8: CPIAUCNS | B8: Consumer Price Index for All Urban Consumers: All Items in U.S. City Average, Percent Change from Year Ago of (Index 1982-1984=100), Annual, Not Seasonally Adjusted
A10: Frequency: Annual
A11: observation_date | B11: CPIAUCNS
A12: 1914 | B12: 1 | C12: =B12/100 -> 0.01
A13: 1915 | B13: 1.9802 | C13: =B13/100 -> 0.019802
A14: =A13+1 -> 1916 | B14: 12.62136 | C14: =B14/100 -> 0.1262136
A15: =A14+1 -> 1917 | B15: 18.10345 | C15: =B15/100 -> 0.1810345
A16: =A15+1 -> 1918 | B16: 20.43796 | C16: =B16/100 -> 0.2043796
A17: =A16+1 -> 1919 | B17: 14.54545 | C17: =B17/100 -> 0.1454545
A18: =A17+1 -> 1920 | B18: 2.6455 | C18: =B18/100 -> 0.026455
A19: =A18+1 -> 1921 | B19: -10.82474 | C19: =B19/100 -> -0.1082474
A20: =A19+1 -> 1922 | B20: -2.31214 | C20: =B20/100 -> -0.0231214
A21: =A20+1 -> 1923 | B21: 2.36686 | C21: =B21/100 -> 0.0236686
A22: =A21+1 -> 1924 | B22: 0 | C22: =B22/100 -> 0
A23: =A22+1 -> 1925 | B23: 3.46821 | C23: =B23/100 -> 0.0346821
A24: =A23+1 -> 1926 | B24: -1.11732 | C24: =B24/100 -> -0.0111732
A25: =A24+1 -> 1927 | B25: -2.25989 | C25: =B25/100 -> -0.0225989
... A45: =A44+1 -> 1947 | B45: 8.83721 | C45: =B45/100 -> 0.0883721
A46: =A45+1 -> 1948 | B46: 2.99145 | C46: =B46/100 -> 0.0299145 | E46: 2.73387
A47: =A46+1 -> 1949 | B47: -2.07469 | C47: =B47/100 -> -0.0207469 | E47: -1.82952
A48: =A47+1 -> 1950 | B48: 5.9322 | C48: =B48/100 -> 0.059322 | E48: 5.80263
A49: =A48+1 -> 1951 | B49: 6 | C49: =B49/100 -> 0.06 | E49: 5.96477
A50: =A49+1 -> 1952 | B50: 0.75472 | C50: =B50/100 -> 0.0075472 | E50: 0.90669
A51: =A50+1 -> 1953 | B51: 0.74906 | C51: =B51/100 -> 0.0074906 | E51: 0.59903
A52: =A51+1 -> 1954 | B52: -0.74349 | C52: =B52/100 -> -0.0074349 | E52: -0.37216
A53: =A52+1 -> 1955 | B53: 0.37453 | C53: =B53/100 -> 0.0037453 | E53: 0.37355
A54: =A53+1 -> 1956 | B54: 2.98507 | C54: =B54/100 -> 0.0298507 | E54: 2.82843
A55: =A54+1 -> 1957 | B55: 2.89855 | C55: =B55/100 -> 0.0289855 | E55: 3.04017
A56: =A55+1 -> 1958 | B56: 1.76056 | C56: =B56/100 -> 0.0176056 | E56: 1.75623
A57: =A56+1 -> 1959 | B57: 1.7301 | C57: =B57/100 -> 0.017301 | E57: 1.51881
... A119: =A118+1 -> 2021 | B119: 7.0364 | C119: =B119/100 -> 0.070364 | E119: 7.19446
A120: 2022 | B120: 6.4544 | C120: =B120/100 -> 0.064544 | E120: 6.44494
A121: 2023 | B121: 3.35212 | C121: =B121/100 -> 0.0335212 | E121: =NA() -> #N/A
A122: 2024 | B122: 2.75 | C122: =B122/100 -> 0.0275

Sheet Summary for ppt
A1: Nominal | G1: Real
B2: Arithmetic Average | D2: Geometric Average | H2: Arithmetic Average | J2: Geometric Average
B3: Stocks - T. Bills | C3: Stocks - T. Bonds | D3: Stocks - T. Bills | E3: Stocks - T. Bonds | H3: Stocks - T. Bills | I3: Stocks - T. Bonds | J3: Stocks - T. Bills | K3: Stocks - T. Bonds
A4: ='Returns by year'!A125 -> 1928-2024 | B4: ='Returns by year'!B120-'Returns by year'!D120 -> 0.084388563 | C4: ='Returns by year'!M121 -> 0.070024349 | D4: ='Returns by year'!L126 -> 0.066278842 | E4: ='Returns by year'!M126 -> 0.054394707 | G4: 1928-2023 | H4: ='Returns by year'!V121-'Returns by year'!X121 -> 0.082093038 | I4: ='Returns by year'!V121-'Returns by year'!Y121 -> 0.067455062 | J4: ='Returns by year'!V125-'Returns by year'!X125 -> 0.064325018 | K4: ='Returns by year'!V125-'Returns by year'!Y125 -> 0.052791213
A5: Std Error | B5: ='Returns by year'!N121 -> 0.020106756 | C5: ='Returns by year'!O121 -> 0.021243404 | G5: Std Error | H5: ='Returns by year'!AH122 -> 0.019718723 | I5: ='Returns by year'!AI122 -> 0.020777239
A6: ='Returns by year'!A126 -> 1975-2024 | B6: ='Returns by year'!L122 -> 0.092526752 | C6: ='Returns by year'!M122 -> 0.070332173 | D6: ='Returns by year'!L127 -> 0.080161539 | E6: ='Returns by year'!M127 -> 0.062156759 | G6: 1974-2023 | H6: ='Returns by year'!V122-'Returns by year'!X122 -> 0.089536526 | I6: ='Returns by year'!V122-'Returns by year'!Y122 -> 0.067025909 | J6: ='Returns by year'!V126-'Returns by year'!X126 -> 0.077321128 | K6: ='Returns by year'!V126-'Returns by year'!Y126 -> 0.059954322
A7: Std Error | B7: ='Returns by year'!N122 -> 0.023018787 | C7: ='Returns by year'!O122 -> 0.02673559 | G7: Std Error | H7: ='Returns by year'!AH123 -> 0.022299903 | I7: ='Returns by year'!AI123 -> 0.025924895
A8: ='Returns by year'!A127 -> 2015-2024 | B8: ='Returns by year'!L123 -> 0.12337015 | C8: ='Returns by year'!M123 -> 0.13541009 | D8: ='Returns by year'!L128 -> 0.11216037 | E8: ='Returns by year'!M128 -> 0.12711878 | G8: 2014-2023 | H8: ='Returns by year'!V123-'Returns by year'!X123 -> 0.12006182 | I8: ='Returns by year'!V123-'Returns by year'!Y123 -> 0.13072456 | J8: ='Returns by year'!V127-'Returns by year'!X127 -> 0.1089069 | K8: ='Returns by year'!V127-'Returns by year'!Y127 -> 0.1234314
A9: Std Error | B9: ='Returns by year'!N123 -> 0.050392894 | C9: ='Returns by year'!AI124 -> 0.038358209 | G9: Std Error | H9: ='Returns by year'!AH124 -> 0.048268537 | I9: 0.038564857

Sheet Home Prices (Raw Data)
A1: Home Price data from Robert Shiller's website. | F1: FRED Graph Observations
F2: Federal Reserve Economic Data
F3: Link: https://fred.stlouisfed.org
F4: Help: https://fred.stlouisfed.org/help-faq
F5: Economic Research Division
F6: Federal Reserve Bank of St. Louis
F8: CSUSHPINSA | G8: S&P/Case-Shiller U.S. National Home Price Index, Percent Change from Year Ago of (Index Jan 2000=100), Annual, Not Seasonally Adjusted
A9: Date | B9: From fig2.1Revised2011.xls | C9: Chg in House Price
A10: 1890 | B10: 3.557296 | F10: Frequency: Annual
A11: 1891 | B11: 3.209111 | C11: =B11/B10-1 -> -0.097879119 | F11: observation_date | G11: CSUSHPINSA
A12: 1892 | B12: 3.267142 | C12: =B12/B11-1 -> 0.018083201 | F12: 30681 | G12: 7.22082 | H12: =G12/100 -> 0.0722082
A13: 1893 | B13: 3.406416 | C13: =B13/B12-1 -> 0.042628695 | F13: 31047 | G13: 4.3928 | H13: =G13/100 -> 0.043928
A14: 1894 | B14: 3.969316 | C14: =B14/B13-1 -> 0.16524699 | F14: 31412 | G14: -0.6876 | H14: =G14/100 -> -0.006876
A15: 1895 | B15: 3.603721 | C15: =B15/B14-1 -> -0.09210529 | F15: 31777 | G15: -0.1698 | H15: =G15/100 -> -0.001698
A16: 1896 | B16: 3.122064 | C16: =B16/B15-1 -> -0.13365546 | F16: 32142 | G16: 0.81748 | H16: =G16/100 -> 0.0081748
A17: 1897 | B17: 3.220717 | C17: =B17/B16-1 -> 0.031598648 | F17: 32508 | G17: 2.1566 | H17: =G17/100 -> 0.021566
A18: 1898 | B18: 3.429628 | C18: =B18/B17-1 -> 0.064864749 | F18: 32873 | G18: 2.51562 | H18: =G18/100 -> 0.0251562
A19: 1899 | B19: 3.278748 | C19: =B19/B18-1 -> -0.043993109 | F19: 33238 | G19: 1.79203 | H19: =G19/100 -> 0.0179203
A20: 1900 | B20: 3.748799 | C20: =B20/B19-1 -> 0.14336295 | F20: 33603 | G20: 2.42541 | H20: =G20/100 -> 0.0242541
A21: 1901 | B21: 3.145277 | C21: =B21/B20-1 -> -0.16099076 | F21: 33969 | G21: 4.02209 | H21: =G21/100 -> 0.0402209
A22: 1902 | B22: 3.708177 | C22: =B22/B21-1 -> 0.17896675 | F22: 34334 | G22: 6.44236 | H22: =G22/100 -> 0.0644236
A23: 1903 | B23: 3.766208 | C23: =B23/B22-1 -> 0.015649469 | F23: 34699 | G23: 7.68049 | H23: =G23/100 -> 0.0768049
... A42: 1922 | B42: 5.907549 | C42: =B42/B41-1 -> 0.01394417 | F42: 41639 | G42: 4.51923 | H42: =G42/100 -> 0.0451923
A43: 1923 | B43: 5.994596 | C43: =B43/B42-1 -> 0.014734876 | F43: 42004 | G43: 3.68583
A44: 1924 | B44: 6.006202 | C44: =B44/B43-1 -> 0.0019360771 | F44: 42369 | G44: 10.43214
A45: 1925 | B45: 6.319569 | C45: =B45/B44-1 -> 0.052173903 | F45: 42735 | G45: 18.87495
A46: 1926 | B46: 6.064233 | C46: =B46/B45-1 -> -0.040404021 | F46: 43100 | G46: 5.66771
A47: 1927 | B47: 5.837912 | C47: =B47/B46-1 -> -0.037320631
A48: 1928 | B48: 5.924959 | C48: =B48/B47-1 -> 0.014910639
A49: 1929 | B49: 5.803094 | C49: =B49/B48-1 -> -0.020568075
A50: 1930 | B50: 5.553561 | C50: =B50/B49-1 -> -0.042999993
A51: 1931 | B51: 5.100919 | C51: =B51/B50-1 -> -0.081504822
A52: 1932 | B52: 4.567035 | C52: =B52/B51-1 -> -0.10466428
A53: 1933 | B53: 4.392942 | C53: =B53/B52-1 -> -0.03811948
A54: 1934 | B54: 4.52061 | C54: =B54/B53-1 -> 0.029062073
A55: 1935 | B55: 4.962085 | C55: =B55/B54-1 -> 0.097658281
A56: 1936 | B56: 5.121795 | C56: =B56/B55-1 -> 0.032186067
A57: 1937 | B57: 5.253087 | C57: =B57/B56-1 -> 0.025633982
A58: 1938 | B58: 5.207191 | C58: =B58/B57-1 -> -0.0087369579
... A72: 1952 | B72: 12.87695 | C72: =B72/B71-1 -> 0.044066304
A73: =A72+1 -> 1953 | B73: 14.35994 | C73: =B73/B72-1 -> 0.11516625
A74: =A73+1 -> 1954 | B74: 14.49244 | C74: =B74/B73-1 -> 0.0092270581
A75: =A74+1 -> 1955 | B75: 14.49244 | C75: =B75/B74-1 -> 0
A76: =A75+1 -> 1956 | B76: 14.62494 | C76: =B76/B75-1 -> 0.0091426978
A77: =A76+1 -> 1957 | B77: 15.02245 | C77: =B77/B76-1 -> 0.027180282
A78: 1958 | B78: 15.12183 | C78: =B78/B77-1 -> 0.0066154322
A79: 1959 | B79: 15.13839 | C79: =B79/B78-1 -> 0.0010951056
A80: 1960 | B80: 15.25433 | C80: =B80/B79-1 -> 0.0076586744
A81: 1961 | B81: 15.40339 | C81: =B81/B80-1 -> 0.0097716517
A82: =A81+1 -> 1962 | B82: 15.45308 | C82: =B82/B81-1 -> 0.0032259133
A83: =A82+1 -> 1963 | B83: 15.78434 | C83: =B83/B82-1 -> 0.021436503
A84: =A83+1 -> 1964 | B84: 15.98309 | C84: =B84/B83-1 -> 0.012591594
A85: =A84+1 -> 1965 | B85: 16.24809 | C85: =B85/B84-1 -> 0.016580023
A86: =A85+1 -> 1966 | B86: 16.44685 | C86: =B86/B85-1 -> 0.012232822
A87: =A86+1 -> 1967 | B87: 16.82779 | C87: =B87/B86-1 -> 0.023161882
A88: =A87+1 -> 1968 | B88: 17.52343 | C88: =B88/B87-1 -> 0.041338762
A89: =A88+1 -> 1969 | B89: 18.74908 | C89: =B89/B88-1 -> 0.069943499
A90: =A89+1 -> 1970 | B90: 20.28941 | C90: =B90/B89-1 -> 0.082154964
A91: =A90+1 -> 1971 | B91: 21.15068 | C91: =B91/B90-1 -> 0.042449238
A92: =A91+1 -> 1972 | B92: 21.78007 | C92: =B92/B91-1 -> 0.029757436
A93: =A92+1 -> 1973 | B93: 22.52539 | C93: =B93/B92-1 -> 0.034220276
A94: =A93+1 -> 1974 | B94: 24.79449 | C94: =B94/B93-1 -> 0.10073521
A95: 1975 | B95: 26.47 | C95: =B95/B94-1 -> 0.067575901
A96: 1976 | B96: 28.64 | C96: =B96/B95-1 -> 0.0819796
A97: 1977 | B97: 32.84 | C97: =B97/B96-1 -> 0.14664804
A98: 1978 | B98: 38 | C98: =B98/B97-1 -> 0.15712546
A99: 1979 | B99: 43.22 | C99: =B99/B98-1 -> 0.13736842
A100: 1980 | B100: 46.42 | C100: =B100/B99-1 -> 0.074039796
A101: 1981 | B101: 48.78 | C101: =B101/B100-1 -> 0.050840155
A102: 1982 | B102: 49.06 | C102: =B102/B101-1 -> 0.0057400574
A103: 1983 | B103: 51.39 | C103: =B103/B102-1 -> 0.047492866
A104: 1984 | B104: 53.79 | C104: =B104/B103-1 -> 0.046701693
A105: 1985 | B105: 57.81 | C105: =B105/B104-1 -> 0.074735081
A106: 1986 | B106: 63.37 | C106: =B106/B105-1 -> 0.096177132
... A108: 1988 | B108: 73.279 | C108: =B108/B107-1 -> 0.072208241
A109: =A108+1 -> 1989 | B109: 76.498 | C109: =B109/B108-1 -> 0.043928001
A110: =A109+1 -> 1990 | B110: 75.972 | C110: =B110/B109-1 -> -0.0068759968
A111: =A110+1 -> 1991 | B111: 75.843 | C111: =B111/B110-1 -> -0.001697994
A112: =A111+1 -> 1992 | B112: 76.463 | C112: =B112/B111-1 -> 0.0081747821
A113: =A112+1 -> 1993 | B113: 78.112 | C113: =B113/B112-1 -> 0.021565986
A114: =A113+1 -> 1994 | B114: 80.077 | C114: =B114/B113-1 -> 0.025156186
A115: =A114+1 -> 1995 | B115: 81.512 | C115: =B115/B114-1 -> 0.017920252
A116: =A115+1 -> 1996 | B116: 83.489 | C116: =B116/B115-1 -> 0.024254098
A117: =A116+1 -> 1997 | B117: 86.847 | C117: =B117/B116-1 -> 0.040220867
A118: =A117+1 -> 1998 | B118: 92.442 | C118: =B118/B117-1 -> 0.064423642
A119: =A118+1 -> 1999 | B119: 99.542 | C119: =B119/B118-1 -> 0.076804916
A120: =A119+1 -> 2000 | B120: 108.791 | C120: =B120/B119-1 -> 0.092915553
... A122: =A121+1 -> 2002 | B122: 127.151 | C122: =B122/B121-1 -> 0.0956004
A123: 2003 | B123: 139.627 | C123: =B123/B122-1 -> 0.098119559
A124: =A123+1 -> 2004 | B124: 158.67 | C124: =B124/B123-1 -> 0.1363848
A125: =A124+1 -> 2005 | B125: 180.107 | C125: =B125/B124-1 -> 0.1351043
A126: =A125+1 -> 2006 | B126: 183.229 | C126: =B126/B125-1 -> 0.01733414
A127: =A126+1 -> 2007 | B127: 173.338 | C127: =B127/B126-1 -> -0.05398163
A128: =A127+1 -> 2008 | B128: 152.545 | C128: =B128/B127-1 -> -0.11995639
A129: =A128+1 -> 2009 | B129: 146.664 | C129: =B129/B128-1 -> -0.038552558
A130: =A129+1 -> 2010 | B130: 140.632 | C130: =B130/B129-1 -> -0.041128021
A131: =A130+1 -> 2011 | B131: 135.168 | C131: =B131/B130-1 -> -0.038853177
A132: =A131+1 -> 2012 | B132: 143.869 | C132: =B132/B131-1 -> 0.064371745
A133: =A132+1 -> 2013 | B133: 159.282 | C133: =B133/B132-1 -> 0.10713218
A134: =A133+1 -> 2014 | B134: 166.461 | C134: =B134/B133-1 -> 0.045071006
...

Sheet Moody's Rates
A1: FRED Graph Observations | I1: FRED Graph Observations
A2: Federal Reserve Economic Data | I2: Federal Reserve Economic Data
A3: Link: https://fred.stlouisfed.org | I3: Link: https://fred.stlouisfed.org
A4: Help: https://fred.stlouisfed.org/help-faq | I4: Help: https://fred.stlouisfed.org/help-faq
A5: Economic Research Division | I5: Economic Research Division
A6: Federal Reserve Bank of St. Louis | I6: Federal Reserve Bank of St. Louis
A8: AAA | B8: Moody's Seasoned Aaa Corporate Bond Yield, Percent, Annual, Not Seasonally Adjusted | I8: BAA | J8: Moody's Seasoned Baa Corporate Bond Yield, Percent, Annual, Not Seasonally Adjusted
A10: Frequency: Annual | I10: Frequency: Annual
A11: observation_date | B11: AAA | C11: % Rate | I11: observation_date | J11: BAA
A12: 5479 | B12: 5.73 | C12: =B12/100 -> 0.0573 | I12: 5479 | J12: 7.77 | K12: =J12/100 -> 0.0777
A13: 5844 | B13: 6.26 | C13: =B13/100 -> 0.0626 | I13: 5844 | J13: 8.56 | K13: =J13/100 -> 0.0856
A14: 6210 | B14: 5.5 | C14: =B14/100 -> 0.055 | I14: 6210 | J14: 7.61 | K14: =J14/100 -> 0.0761
A15: 6575 | B15: 5.08 | C15: =B15/100 -> 0.0508 | I15: 6575 | J15: 7.02 | K15: =J15/100 -> 0.0702
A16: 6940 | B16: 5.09 | C16: =B16/100 -> 0.0509 | I16: 6940 | J16: 7.38 | K16: =J16/100 -> 0.0738
A17: 7305 | B17: 4.95 | C17: =B17/100 -> 0.0495 | I17: 7305 | J17: 6.46 | K17: =J17/100 -> 0.0646
A18: 7671 | B18: 4.85 | C18: =B18/100 -> 0.0485 | I18: 7671 | J18: 6.15 | K18: =J18/100 -> 0.0615
A19: 8036 | B19: 4.68 | C19: =B19/100 -> 0.0468 | I19: 8036 | J19: 5.68 | K19: =J19/100 -> 0.0568
A20: 8401 | B20: 4.46 | C20: =B20/100 -> 0.0446 | I20: 8401 | J20: 5.32 | K20: =J20/100 -> 0.0532
A21: 8766 | B21: 4.61 | C21: =B21/100 -> 0.0461 | I21: 8766 | J21: 5.6 | K21: =J21/100 -> 0.056
A22: 9132 | B22: 4.67 | C22: =B22/100 -> 0.0467 | I22: 9132 | J22: 5.95 | K22: =J22/100 -> 0.0595
A23: 9497 | B23: 4.52 | C23: =B23/100 -> 0.0452 | I23: 9497 | J23: 6.71 | K23: =J23/100 -> 0.0671
... A117: 43830 | B117: 5.4 | C117: =B117/100 -> 0.054 | I117: 43830 | J117: 6 | K117: =J117/100 -> 0.06

Sheet Home Prices
A2: End of year | B2: Real Estate | D2: Source of data: | E2: http://www.econ.yale.edu//~shiller/data.htm
A3: 1927 | B3: 5.8379123
A4: 1928 | B4: 5.9249587 | D4: Source for 1977 - Current: Case Shiller index (FRED) | E4: https://fred.stlouisfed.org/series/CSUSHPINSA
A5: 1929 | B5: 5.8030937
A6: 1930 | B6: 5.5535607
A7: 1931 | B7: 5.1009194
A8: 1932 | B8: 4.5670348
A9: 1933 | B9: 4.3929419
A10: 1934 | B10: 4.52061
A11: 1935 | B11: 4.9620853
A12: 1936 | B12: 5.121795
A13: 1937 | B13: 5.2530867
A14: 1938 | B14: 5.2071914
A15: 1939 | B15: 5.1394142
A16: 1940 | B16: 5.3093545
... A28: 1952 | B28: 12.876954
A29: =A28+1 -> 1953 | B29: 14.359937
A30: =A29+1 -> 1954 | B30: 14.492439
A31: =A30+1 -> 1955 | B31: 14.492439
A32: =A31+1 -> 1956 | B32: 14.624941
A33: =A32+1 -> 1957 | B33: 15.022448
A34: =A33+1 -> 1958 | B34: 15.121825
A35: =A34+1 -> 1959 | B35: 15.138388
A36: =A35+1 -> 1960 | B36: 15.254327
A37: =A36+1 -> 1961 | B37: 15.403393
A38: =A37+1 -> 1962 | B38: 15.453081
A39: =A38+1 -> 1963 | B39: 15.784337
A40: =A39+1 -> 1964 | B40: 15.98309
... A96: =A95+1 -> 2020 | B96: 234.354
A97: 2021 | B97: 278.564
A98: 2022 | B98: 294.308
A99: 2023 | B99: 311.02
A100: 2024 | B100: 324.22 | C100: (Oct 2024, Will be updated to Dec when available)

Sheet Gold Prices
A1: Year | B1: Price per oz | E1: Source for pre-1970: https://nma.org/wp-content/uploads/2016/09/historic_gold_prices_1833_pres.pdf (average price for year)
A2: 1927 | B2: 20.64 | E2: Source for 1970-Current: LBMA Gold prices per oz
A3: 1928 | B3: 20.66
A4: =A3+1 -> 1929 | B4: 20.63
A5: =A4+1 -> 1930 | B5: 20.65
A6: =A5+1 -> 1931 | B6: 17.06
A7: =A6+1 -> 1932 | B7: 20.69
A8: =A7+1 -> 1933 | B8: 26.33
A9: =A8+1 -> 1934 | B9: 34.69
A10: =A9+1 -> 1935 | B10: 34.84
A11: =A10+1 -> 1936 | B11: 34.87
A12: =A11+1 -> 1937 | B12: 34.79
A13: =A12+1 -> 1938 | B13: 34.85
A14: =A13+1 -> 1939 | B14: 34.42
A15: =A14+1 -> 1940 | B15: 33.85
... A43: =A42+1 -> 1968 | B43: 39.31
A44: 1969 | B44: 41.28
A45: 1970 | B45: 37.38
A46: 1971 | B46: 43.62
A47: =A46+1 -> 1972 | B47: 64.9
A48: =A47+1 -> 1973 | B48: 112.25
A49: =A48+1 -> 1974 | B49: 186.5
A50: =A49+1 -> 1975 | B50: 140.25
A51: =A50+1 -> 1976 | B51: 134.5
A52: =A51+1 -> 1977 | B52: 164.95
A53: =A52+1 -> 1978 | B53: 226
A54: =A53+1 -> 1979 | B54: 512
A55: =A54+1 -> 1980 | B55: 589.75
A56: =A55+1 -> 1981 | B56: 397.5
A57: =A56+1 -> 1982 | B57: 459.6
A58: =A57+1 -> 1983 | B58: 382.4
... A97: =A96+1 -> 2022 | B97: 1830.1
A98: 2023 | B98: 2072.81
A99: 2024 | B99: 2610.85

Sheet Sheet10
A1: Year | B1: S&P 500 (includes dividends) | C1: 3-month T.Bill | D1: US T. Bond (10-year) | E1: Inflation Rate | F1: S&P 500 (Real) | G1: T. Bill (Real) | H1: T.Bond (Real) | I1: Year | J1: Nominal value of $100 invested in 1928 | K1: Real value of $100 invested in 1928 | P1: Stocks | Q1: T. Bills | R1: T. Bonds
A2: 1928 | B2: 0.43811155 | C2: 0.0308 | D2: 0.0083547086 | E2: -0.0115607 | F2: 0.45493158 | G2: 0.042856147 | H2: 0.020148337 | I2: 1928 | J2: =100*(1+B2) -> 143.81116 | K2: =100*(1+F2) -> 145.49316 | O2: Mean | P2: 0.1166 | Q2: 0.0334 | R2: 0.0486
A3: 1929 | B3: -0.082979466 | C3: 0.0316 | D3: 0.042038042 | E3: 0.005848 | F3: -0.088311023 | G3: 0.025602278 | H3: 0.035979633 | I3: 1929 | J3: =J2*(1+B3) -> 131.87778 | K3: =K2*(1+F4) -> 116.38309 | O3: Standard Error | P3: 0.02 | Q3: 0.0031 | R3: 0.0081
A4: 1930 | B4: -0.25123636 | C4: 0.0455 | D4: 0.045409314 | E4: -0.0639535 | F4: -0.20007859 | G4: 0.11693169 | H4: 0.11683481 | I4: 1930 | J4: =J3*(1+B4) -> 98.745288 | K4: =K3*(1+F5) -> 72.079035 | O4: Median | P4: 0.1452 | Q4: 0.0294 | R4: 0.0328
A5: 1931 | B5: -0.43837549 | C5: 0.0231 | D5: -0.02558856 | E5: -0.0931677 | F5: -0.38067434 | G5: 0.12821301 | H5: 0.074522203 | I5: 1931 | J5: =J4*(1+B5) -> 55.457774 | K5: =K4*(1+F6) -> 73.389742 | O5: Standard Deviation | P5: 0.1955 | Q5: 0.0301 | R5: 0.0795
A6: 1932 | B6: -0.086423645 | C6: 0.0107 | D6: 0.08790307 | E6: -0.1027397 | F6: 0.018184305 | G6: 0.12642897 | H6: 0.21247209 | I6: 1932 | J6: =J5*(1+B6) -> 50.664911 | K6: =K5*(1+F7) -> 109.23769 | O6: Kurtosis | P6: 2.9816 | Q6: 3.8457 | R6: 4.6461
A7: 1933 | B7: 0.49982225 | C7: 0.0096 | D7: 0.018552721 | E7: 0.0076336 | F7: 0.48845995 | G7: 0.001951503 | H7: 0.0108364 | I7: 1933 | J7: =J6*(1+B7) -> 75.988361 | K7: =K6*(1+F8) -> 106.3283 | O7: Skewness | P7: -0.431 | Q7: 1.0153 | R7: 0.6926
A8: 1934 | B8: -0.011885657 | C8: 0.0027833333 | D8: 0.079634426 | E8: 0.0151515 | F8: -0.026633618 | G8: -0.012183567 | H8: 0.063520495 | I8: 1934 | J8: =J7*(1+B8) -> 75.085189 | K8: =K7*(1+F9) -> 151.50409 | O8: Minimum | P8: -0.4384 | Q8: 0.0003 | R8: -0.1783
A9: 1935 | B9: 0.46740421 | C9: 0.001675 | D9: 0.044720477 | E9: 0.0298507 | F9: 0.42487082 | G9: -0.027359014 | H9: 0.01443877 | I9: 1935 | J9: =J8*(1+B9) -> 110.18032 | K9: =K8*(1+F10) -> 197.04394 | O9: Maximum | P9: 0.5256 | Q9: 0.1404 | R9: 0.3281
A10: 1936 | B10: 0.3194341 | C10: 0.001725 | D10: 0.050178754 | E10: 0.0144928 | F10: 0.30058498 | G10: -0.012585402 | H10: 0.035176153 | I10: 1936 | J10: =J9*(1+B10) -> 145.37568 | K10: =K9*(1+F11) -> 123.87575 | O10: 25th percentile | P10: =-1.19% -> -0.0119 | Q10: 0.0085 | R10: 0.0081
A11: 1937 | B11: -0.35336729 | C11: 0.0027583333 | D11: 0.013791461 | E11: 0.0285714 | F11: -0.37132929 | G11: -0.025096038 | H11: -0.014369386 | I11: 1937 | J11: =J10*(1+B11) -> 94.004668 | K11: =K10*(1+F12) -> 164.72558 | O11: 75th percentile | P11: 0.2597 | Q11: 0.0506 | R11: 0.0854
A12: 1938 | B12: 0.29282654 | C12: 0.00065 | D12: 0.042132485 | E12: -0.0277778 | F12: 0.32976447 | G12: 0.029240024 | H12: 0.071907724 | I12: 1938 | J12: =J11*(1+B12) -> 121.53173 | K12: =K11*(1+F13) -> 162.91761
A13: 1939 | B13: -0.010975647 | C13: 0.00045833333 | D13: 0.044122614 | E13: 0 | F13: -0.010975647 | G13: 0.00045833333 | H13: 0.044122614 | I13: 1939 | J13: =J12*(1+B13) -> 120.19784 | K13: =K12*(1+F14) -> 144.49749
A14: 1940 | B14: -0.10672873 | C14: 0.00035833333 | D14: 0.054024816 | E14: 0.0071429 | F14: -0.11306403 | G14: -0.0067364489 | H14: 0.046549418 | I14: 1940 | J14: =J13*(1+B14) -> 107.36928 | K14: =K13*(1+F15) -> 114.65852
A15: 1941 | B15: -0.12771456 | C15: 0.0012916667 | D15: -0.020221976 | E15: 0.0992908 | F15: -0.20650164 | G15: -0.089147597 | H15: -0.10871807 | I15: 1941 | J15: =J14*(1+B15) -> 93.656657 | K15: =K14*(1+F16) -> 125.32334
A16: 1942 | B16: 0.19173763 | C16: 0.003425 | D16: 0.022948682 | E16: 0.0903226 | F16: 0.093013783 | G16: -0.079698981 | H16: -0.061792645 | I16: 1942 | J16: =J15*(1+B16) -> 111.61416 | K16: =K15*(1+F17) -> 152.22725
A17: 1943 | B17: 0.2506131 | C17: 0.0038 | D17: 0.0249 | E17: 0.0295858 | F17: 0.21467594 | G17: -0.025044829 | H17: -0.0045511506 | I17: 1943 | J17: =J16*(1+B17) -> 139.58613 | K17: =K16*(1+F18) -> 177.12528
A18: 1944 | B18: 0.19030677 | C18: 0.0038 | D18: 0.025776112 | E18: 0.0229885 | F18: 0.16355831 | G18: -0.018757298 | H18: 0.0027249686 | I18: 1944 | J18: =J17*(1+B18) -> 166.15032 | K18: =K17*(1+F19) -> 235.28615
A19: 1945 | B19: 0.35821084 | C19: 0.0038 | D19: 0.038044173 | E19: 0.0224719 | F19: 0.32836007 | G19: -0.018261529 | H19: 0.015230026 | I19: 1945 | J19: =J18*(1+B19) -> 225.66717 | K19: =K18*(1+F20) -> 182.38392
A20: 1946 | B20: -0.084291475 | C20: 0.0038 | D20: 0.031283745 | E20: 0.1813187 | F20: -0.2248421 | G20: -0.15027164 | H20: -0.12700633 | I20: 1946 | J20: =J19*(1+B20) -> 206.64535 | K20: =K19*(1+F21) -> 176.28886
A21: 1947 | B21: 0.052 | C21: 0.0060083333 | D21: 0.0091969681 | E21: 0.0883721 | F21: -0.03341881 | G21: -0.07567611 | H21: -0.072746381 | I21: 1947 | J21: =J20*(1+B21) -> 217.39091 | K21: =K20*(1+F22) -> 181.38652
A22: 1948 | B22: 0.057045752 | C22: 0.01045 | D22: 0.019510369 | E22: 0.0273387 | F22: 0.028916512 | G22: -0.016439272 | H22: -0.0076200094 | I22: 1948 | J22: =J21*(1+B22) -> 229.79213 | K22: =K21*(1+F23) -> 218.58516
A23: 1949 | B23: 0.18303224 | C23: 0.01115 | D23: 0.046634852 | E23: -0.0182952 | F23: 0.20507941 | G23: 0.029993945 | H23: 0.066140098 | I23: 1949 | J23: =J22*(1+B23) -> 271.8515 | K23: =K22*(1+F24) -> 270.24045
... A97: 2023 | B97: 0.26060685 | C97: 0.050703614 | D97: 0.0388 | E97: 0.0312 | F97: 0.22246591 | G97: 0.018913513 | H97: 0.0073700543 | I97: 2023 | J97: =J96*(1+B97) -> 787018.53 | K97: =K96*(1+F98) -> 48458.546
E99: =AVERAGE(E1:E970) -> 0.031191075

Sheet Sheet11

Sheet Sheet12

Sheet Sheet13

Sheet Sheet14

Sheet Sheet15

Sheet Sheet16
